 Dungeon Crawl Stone Soup version 0.18.1-47-g9310371 (webtiles) character file.

715788 Liquid the Black Belt (level 27, -7/256 HPs)
             Began as a Demonspawn Chaos Knight on June 12, 2016.
             Mangled by an anubis guard
             ... wielding a +0 quarterstaff
              (25 damage)
             ... on level 2 of the Tomb of the Ancients on June 13, 2016.
             The game lasted 05:58:04 (75214 turns).

Liquid the Black Belt (Demonspawn Chaos Knight)    Turns: 75214, Time: 05:58:05

Health: -7/256     AC:  8    Str: 19    XL:     27
Magic:  0/52       EV: 24    Int: 17    God:    Xom [....*.]
Gold:   4652       SH:  0    Dex: 20    Spells: 9 memorised, 27 levels left

rFire  + . .     SeeInvis +       - Unarmed
rCold  . . .     Gourm    .     (armour currently unavailable)
rNeg   + . .     Faith    .     (shield currently unavailable)
rPois  +         Spirit   +     (helmet currently unavailable)
rElec  .         Dismiss  .     (cloak currently unavailable)
rCorr  .         Reflect  .     (gloves unavailable)
SustAt +         Harm     .     (boots currently unavailable)
MR     ++...     NoTele   +     k - amulet of Peuseipp {Regen+ Str+5 Int-3 SInv}
Stlth  +.........               e - ring of sustain attributes
                                r - ring of Devotion {-Tele +Inv rF+ rN+ MP+9}

@: hydra-form, repel missiles, drained, very resistant to hostile enchantments,
very unstealthy
A: (claws 0), (talons 0), repulsion field 3, clever 1, demonic guardian 3, (fire
resistance 0), hurl damnation, frail 1, (electricity resistance), magic shield,
magic regeneration, magic link, flame cloud immunity
a: Damnation, Renounce Religion, Evoke Invisibility
}: 4/15 runes: decaying, serpentine, slimy, silver


You were on level 2 of the Tomb of the Ancients.
You worshipped Xom.
You were a beloved toy of Xom.
You were not hungry.
You were a five-headed hydra.
You visited 11 branches of the dungeon, and saw 58 of its levels.
You visited the Abyss 2 times.
You visited 1 ziggurat, and saw 10 of its levels.
You also visited: Labyrinth and Trove.

You collected 7881 gold pieces.
You spent 2899 gold pieces at shops.

Inventory:

Armour
 o - a +1 shield of protection (melded)
 u - the +7 chain mail "Tiuren" {rC- Regen+ Slay+3}
   (Xom gifted it to you on level 2 of the Crypt)

   It affects your accuracy and damage with ranged weapons and melee attacks
   (+3).
   It makes you vulnerable to cold.
   It increases your rate of regeneration.
 A - a +1 cloak of poison resistance (melded)
 M - a +0 shield of reflection
 T - a +0 pair of boots of flying (melded)
 X - the +0 ring mail "Xukitz" (melded) {*Drain rCorr Str+5 Slay+3}
   (You bought it in a shop on level 15 of the Dungeon)

   It affects your strength (+5).
   It affects your accuracy and damage with ranged weapons and melee attacks
   (+3).
   It protects you from acid and corrosion.
   It causes draining when unequipped.
 Z - the +0 mask of the Dragon (melded) {MR+ Slay+3 SInv}
   (You found it on level 5 of the Vaults)

   It affects your accuracy and damage with ranged weapons and melee attacks
   (+3).
   It affects your resistance to hostile enchantments.
   It lets you see invisible.
Jewellery
 e - a ring of sustain attributes (right foreclaw)
 g - the ring "Nuiwed" {rPois rC+ MP+9 Slay+1}
   (You found it on level 6 of the Pits of Slime)

   [ring of slaying]

   It affects your accuracy and damage with ranged weapons and melee attacks
   (+1).
   It protects you from cold.
   It protects you from poison.
   It affects your magic capacity (+9).
 k - the amulet of Peuseipp (around neck) {Regen+ Str+5 Int-3 SInv}
   (You found it on level 2 of the Abyss)

   [amulet of regeneration]

   It affects your strength (+5).
   It affects your intelligence (-3).
   It lets you see invisible.
   It increases your rate of regeneration.
 r - the ring of Devotion (left foreclaw) {-Tele +Inv rF+ rN+ MP+9}
   (You found it on level 2 of the Swamp)

   [ring of magical power]

   It protects you from fire.
   It protects you from negative energy.
   It affects your magic capacity (+9).
   It lets you turn invisible.
   It prevents most forms of teleportation.
 v - an uncursed ring of positive energy
 x - the ring "Hevynleorch" {rC+ Str+5 Slay+3}
   (You bought it in a shop on level 4 of the Vaults)

   [ring of protection from cold]

   It affects your strength (+5).
   It affects your accuracy and damage with ranged weapons and melee attacks
   (+3).
   It protects you from cold.
 H - the ring "Nuzu" {rElec rC- MR++ Int+4 Slay+2}
   (You found it on level 8 of a ziggurat)

   [ring of slaying]

   It affects your intelligence (+4).
   It affects your accuracy and damage with ranged weapons and melee attacks
   (+2).
   It makes you vulnerable to cold.
   It insulates you from electricity.
   It affects your resistance to hostile enchantments.
Wands
 G - a wand of hasting (3/9)
 L - a wand of disintegration (12/24)
 S - a wand of digging (14/24)
 Y - a wand of teleportation (5/9)
Scrolls
 j - 6 scrolls of amnesia
 m - 23 scrolls of remove curse
 s - a scroll of identify
 w - 2 scrolls of blinking
 y - 3 scrolls of fear
 B - 3 scrolls of immolation
 C - 3 scrolls of silence
 F - 14 scrolls of enchant armour
 I - 12 scrolls of recharging
 J - 13 scrolls of teleportation
 O - 2 scrolls of magic mapping
 U - 5 scrolls of fog
Potions
 a - 4 potions of haste
 c - 7 potions of agility
 d - 2 potions of magic
 h - 5 potions of flight
 i - 15 potions of lignification
 l - 8 potions of invisibility
 n - 3 potions of might
 p - 4 potions of brilliance
 q - 4 potions of berserk rage
 t - 5 potions of resistance
 z - 9 potions of curing
 D - 4 potions of cure mutation
 E - a potion of ambrosia
 N - 2 potions of cancellation
 Q - 4 potions of heal wounds
Miscellaneous
 P - a legendary deck of defence {the Cloud}
 V - a legendary deck of war {drawn: 1}
Comestibles
 b - 12 bread rations
 f - 37 meat rations


   Skills:
 + Level 18.7(17.7) Fighting
 - Level 10.0(9.1) Armour
 + Level 16.8(15.8) Dodging
 + Level 17.8(16.8) Shields
 + Level 19.1(18.1) Unarmed Combat
 + Level 16.5(15.6) Spellcasting
 - Level 8.3(7.5) Charms
 - Level 7.0(6.2) Necromancy
 - Level 7.2(6.5) Translocations
 * Level 15.8(14.9) Transmutations
 - Level 4.4(3.7) Air Magic
 * Level 15.8(14.8) Earth Magic


You had 27 spell levels left.
You knew the following spells:

 Your Spells              Type           Power        Failure   Level  Hunger
a - Apportation           Tloc           #####.....   1%          1    None
b - Summon Butterflies    Summ           ##......     6%          1    None
c - Lee's Rapid Deconstr  Erth           ######....   1%          5    ####...
d - Statue Form           Trmt/Erth      ######...    1%          6    #####..
e - Petrify               Trmt/Erth      ######..     1%          4    None
f - Regeneration          Chrm/Necr      #####.....   1%          3    None
g - Deflect Missiles      Chrm/Air       ####......   75%         6    #####..
h - Passage of Golubria   Tloc           N/A          4%          4    None
i - Blink                 Tloc           N/A          1%          2    None


Dungeon Overview and Level Annotations

Branches:
Dungeon (15/15)            Temple (0/1) D:4            Lair (8/8) D:9
  Swamp (4/4) Lair:6        Snake (4/4) Lair:5        Slime (6/6) Lair:6
    Orc (2/2) D:9             Elf (3/3) Orc:2        Vaults (5/5) D:13
  Crypt (3/3) Vaults:3       Tomb (3/3) Crypt:3      Depths (5/5) D:15
    Zot (0/5) Depths:5

Altars:
Ashenzari
Cheibriados
Dithmenos
Elyvilon
Fedhas
Kikubaaqudgha
Makhleb
Nemelex Xobeh
Okawaru
Pakellas
Qazlal
Sif Muna
Trog
Vehumet
Xom
Yredelemnul
Zin
The Shining One
Beogh
Jiyva

Shops:
D:9 [   D:11 %   D:15 [   Orc:2 ([([   Elf:1 !%[   Snake:1 !   Vaults:4 *!%*!
Depths:2 %

Portals:
Hell: Depths:1 Depths:2 Depths:3 Depths:4 Depths:5
Abyss: Depths:1 Depths:4 Depths:5
Pandemonium: Depths:3

Annotations:
D:4 1 runed door
D:7 1 runed door
Elf:2 3 runed doors, Agnes


Innate Abilities, Weirdness & Mutations

((You have claws for hands.))
You are surrounded by a strong repulsion field (EV +4, rMsl).
A powerful demonic guardian rushes to your aid.
((Your flesh is heat resistant.))
You can hurl damnation.
When hurt, damage is shared between your health and your magic reserves.
You regenerate magic rapidly.
When low on magic, you restore magic in place of health.
You are immune to clouds of flame.
((You have sharp toenails.))
Your mind is acute. (Int +2)
You are frail (-10% HP).
((You are resistant to electric shocks.))


Message History

Unknown command.
Read which item? (? for menu, Esc to quit)
Okay, then.
Read which item? (? for menu, Esc to quit)
Okay, then.
Press: ? - help, v - describe, . - travel, g - get item
Here: an anubis guard, wielding a quarterstaff and wearing a leather armour (almost dead, catching its breath)
A robe.
There is something else lying underneath.
The floor, spattered with blood.
Read which item? (? for menu, Esc to quit)
As you read the scroll of fear, it crumbles to dust.
You assume a fearsome visage.
The anubis guard resists with some effort.
The anubis guard looks frightened!
The flying skull is unaffected.
The anubis guard looks frightened! x2
The anubis guard howls a warning cry!
The flying skull barely misses you.
The anubis guard hits you with a quarterstaff!!
You die...

#.^^..#.........^.........
###'###...................
#....^#...................
#.^...#...................
#...^.#########'##########
#...^......>#......#......
#........H.^#....^.#......
#......^z.H^#......#......
#.=....[HD.H#......#....[^
##########################


You could see 4 anubis guards and a flying skull.

Vanquished Creatures
  the Royal Jelly (Slime:6)
  Khufu (Tomb:2)
  Mara (Vaults:5)
  Mennas (Vaults:5)
  An ancient lich (Crypt:3)
  The ghost of PeterLawrence the Conqueror, a legendary GrFi of the Shining One (Tomb:2)
  Sojobo (Depths:2)
  14 greater mummies
  The ghost of Aquadorian the Grand Master, a veteran DsMo of Okawaru (Elf:3)
  Margery (Depths:2)
  A Killer Klown (Zig:6)
  Saint Roka (Crypt:1)
  9 golden dragons
  Xtahua (Vaults:4)
  Jorgrun (Swamp:2)
  4 tentacled monstrosities
  A Brimstone Fiend (Zig:5)
  7 liches
  3 titans (Vaults:5)
  3 deep elf blademasters
  A deep elf master archer (Elf:3)
  A shard shrike skeleton (Crypt:1)
  3 quicksilver dragons
  4 tentacled starspawn
  23 acid blobs
  Gastronok (D:8)
  6 sphinxes
  3 ancient champions
  6 storm dragons
  6 tengu reavers
  12 azure jellies
  2 shadow dragons
  2 revenants
  6 greater nagas
  17 vault wardens
  Donald (Crypt:3)
  Wiglaf (Snake:4)
  8 deep elf sorcerers
  10 frost giants
  Aizul (Vaults:4)
  6 fire giants
  Louise (Swamp:1)
  4 orc warlords
  3 curse skulls
  A juggernaut zombie (Depths:4)
  The ghost of georgeearnest the Peltast, a journeyman HOFi of Beogh (Elf:2)
  15 ironheart preservers
  A spriggan defender (Depths:3)
  6 war gargoyles
  An angel (Abyss:3)
  17 very ugly things
  15 ghouls
  11 vampire knights
  2 juggernaut skeletons
  The ghost of Malvoorn the Fencer, a journeyman DsAK of Lugonu (Swamp:1)
  23 stone giants
  2 salamander stormcallers
  2 yellow draconians (Depths:5)
  10 deep elf annihilators
  5 deep elf demonologists
  7 bennus
  2 black draconians
  2 purple draconians (Depths:5)
  6 spark wasps
  A mottled draconian (Depths:5)
  A red draconian (Abyss:3)
  A dire elephant (Lair:7)
  Azrael (Orc:2)
  6 eidola
  15 death oozes
  15 ettins
  2 quicksilver dragon zombies (Crypt:3)
  9 deep elf death magi
  14 fire dragons
  7 jiangshi
  2 minotaurs
  Josephine (Swamp:1)
  3 deep elf high priests (Vaults:5)
  A fire dragon (shapeshifter) (Vaults:5)
  20 yaktaur captains
  36 vault guards
  18 mummy priests
  8 great orbs of eyes
  11 naga warriors
  3 rakshasas
  4 entropy weavers
  10 ice dragons
  2 great orbs of eyes (shapeshifter)
  A catoblepas (Lair:7)
  2 spriggan air magi
  24 hydras
  2 ghost crabs
  9 anacondas
  A merfolk aquamancer (Depths:3)
  A death knight (Crypt:1)
  19 death yaks
  23 dancing weapons
  9 alligators
  7 centaur warriors
  A queen ant (Lair:2)
  10 tengu warriors
  2 titan zombies
  6 deep troll shamans
  9 vampire magi
  13 naga sharpshooters
  11 ogre magi
  8 deep troll earth magi
  6 spriggan berserkers
  A storm dragon zombie (Crypt:2)
  4 orc high priests
  7 shock serpents
  3 thrashing horrors
  17 spriggans
  7 small abominations
  5 salamander mystics
  17 deep elf knights
  A fire crab (shapeshifter) (Depths:2)
  6 shadow wraiths
  30 skeletal warriors
  A spatial maelstrom (Abyss:3)
  A death drake (Zig:9)
  A hell knight (Depths:3)
  A titan skeleton (Crypt:2)
  A wizard (Depths:1)
  19 death scarabs
  7 sea snakes (Snake:4)
  2 giant orange brains
  An anubis guard (shapeshifter) (Depths:1)
  6 swamp dragons
  14 deep elf archers
  3 unseen horrors
  8 flayed ghosts
  29 deep trolls
  An obsidian statue (D:14)
  9 naga ritualists
  12 hill giants
  2 shambling mangroves
  15 orc knights
  3 lindwurms
  9 anubis guards
  An iron dragon zombie (Tomb:2)
  21 phantasmal warriors
  A harpy (shapeshifter) (Zig:10)
  2 shadow dragon skeletons
  7 orc sorcerers
  7 mana vipers
  Pikel (D:6)
  10 necromancers
  44 ugly things
  A golden dragon skeleton (Depths:2)
  2 harpies (Depths:3)
  19 ironbrand convokers
  2 lindwurms (shapeshifter)
  2 tengu skeletons (Vaults:3)
  7 hornets
  3 wolf spiders
  A wolf spider zombie (Crypt:2)
  64 deep elf magi
  A frost giant zombie (Vaults:3)
  2 stone giant zombies (Zig:5)
  5 oklob plants
  4 griffons
  7 cyclopes
  2 worldbinders
  5 shining eyes
  15 salamanders
  4 fire giant skeletons (Crypt:3)
  2 manticores
  2 frost giant skeletons
  11 large abominations
  2 stone giant skeletons
  41 black mambas
  A hornet (shapeshifter) (D:13)
  14 vault sentinels
  An apocalypse crab (Zig:6)
  A hell hog skeleton (Crypt:2)
  8 guardian serpents (Snake:4)
  20 naga magi
  A rust devil (Abyss:3)
  Maurice (D:8)
  4 smoke demons
  Psyche (D:8)
  7 elephants
  A guardian serpent (shapeshifter) (Vaults:3)
  15 spiny frogs
  A torpor snail (shapeshifter) (Vaults:5)
  A black draconian zombie (Crypt:2)
  2 eyes of devastation (Slime:5)
  An orange demon (Abyss:3)
  2 torpor snails
  2 rime drakes
  An emperor scorpion zombie (Crypt:3)
  2 rime drakes (shapeshifter)
  9 freezing wraiths
  An efreet (D:15)
  4 elf zombies
  7 gargoyles
  6 komodo dragons
  A yaktaur (shapeshifter) (Vaults:4)
  A hellion (Zig:5)
  A komodo dragon (shapeshifter) (Vaults:4)
  43 yaktaurs
  20 guardian mummies
  4 tengu conjurers
  A catoblepas skeleton (Crypt:3)
  A minotaur zombie (Lab)
  7 polar bears (Lair:8)
  4 jumping spiders
  2 merfolk (Depths:3)
  11 trolls
  A spriggan druid (Lair:8)
  A queen bee (shapeshifter) (Depths:1)
  A queen bee (Depths:2)
  8 giant leeches
  6 ushabtiu (Tomb:1)
  16 two-headed ogres
  A two-headed ogre (shapeshifter) (Vaults:4)
  15 bog bodies
  A stone giant simulacrum (Depths:2)
  12 blink frogs
  A shadow dragon simulacrum (Vaults:5)
  An alligator zombie (Tomb:1)
  2 ettin zombies (Crypt:2)
  79 slime creatures
  2 ice dragon zombies
  A frost giant simulacrum (Tomb:1)
  12 raiju
  A centaur simulacrum (D:15)
  13 boulder beetles
  A fire dragon zombie (Crypt:2)
  A snapping turtle (Tomb:1)
  34 flying skulls
  22 redbacks
  5 shadows
  An ettin skeleton (Crypt:2)
  4 tarantellas
  A tarantella (shapeshifter) (Depths:3)
  14 wraiths
  5 vampires (Crypt:3)
  13 fire dragon skeletons (Crypt:3)
  9 air elementals
  7 fire elementals
  A hog (shapeshifter) (Elf:1)
  6 fire bats
  A golden eye (shapeshifter) (Vaults:5)
  A hog (D:7)
  A human (D:7)
  A wyvern (D:13)
  53 yaks
  4 golden eyes (Slime:4)
  5 water elementals
  A yaktaur simulacrum (Vaults:3)
  4 basilisks
  22 vampire mosquitoes
  10 hungry ghosts
  9 chaos spawn
  8 hippogriffs
  5 steam dragons
  6 wargs
  Menkaure (D:5)
  A hippogriff (shapeshifter) (Vaults:5)
  A spatial vortex (Elf:3)
  17 swamp worms
  A mottled dragon (shapeshifter) (Vaults:3)
  3 mottled dragons
  50 nagas
  A swamp worm (shapeshifter) (Vaults:5)
  A deep troll zombie (Vaults:3)
  3 hell hounds
  6 insubstantial wisps (Swamp:4)
  19 soldier ants
  A spiny frog zombie (Crypt:2)
  2 giant eyeballs (Depths:3)
  12 water moccasins
  A giant eyeball (shapeshifter) (Depths:3)
  9 black bears
  9 porcupines
  A gelid demonspawn skeleton (Crypt:1)
  5 ice beasts
  A swamp dragon zombie (Tomb:1)
  6 sky beasts
  An elephant zombie (Crypt:1)
  An eye of draining (shapeshifter) (Vaults:1)
  66 orc warriors
  A slave (D:6)
  9 swamp drakes
  4 eyes of draining
  2 phantoms (D:8)
  A sky beast (shapeshifter) (Vaults:5)
  16 starcursed masses
  12 wasps
  A spiny frog skeleton (Abyss:3)
  6 necrophages
  45 ogres
  3 snapping turtle zombies
  A wolf (shapeshifter) (Elf:2)
  13 boggarts
  A boggart (shapeshifter) (Vaults:2)
  A manticore zombie (Crypt:2)
  38 wolves
  19 centaurs
  23 crocodiles
  A big kobold (D:13)
  7 earth elementals
  A glowing shapeshifter simulacrum (Vaults:2)
  A komodo dragon zombie (Crypt:2)
  25 giant frogs
  6 scorpions
  A queen bee zombie (Crypt:2)
  5 killer bees
  A troll skeleton (Crypt:1)
  4 wights
  A raiju skeleton (Crypt:2)
  An electric eel (Lair:3)
  3 howler monkeys
  12 crimson imps
  A centaur zombie (D:6)
  A giant frog zombie (D:6)
  A human zombie (Crypt:1)
  22 jellies
  4 quasits (Abyss:3)
  A centaur skeleton (D:12)
  30 orc priests
  9 hounds
  A gnoll shaman (Orc:2)
  34 orc wizards
  2 human skeletons
  4 giant frog skeletons
  3 hell rats (Lair:2)
  49 worker ants
  8 iguanas
  18 sheep
  A deep dwarf skeleton (Crypt:1)
  4 hound skeletons
  37 mummies
  4 gnolls (Orc:2)
  12 adders
  2 howler monkey skeletons
  20 river rats
  2 shadow imps
  A white imp (Abyss:3)
  An ufetubus (Abyss:2)
  2 oozes
  An adder skeleton (D:4)
  A lava snake skeleton (Crypt:2)
  3 worms
  A dart slug (D:2)
  3 giant geckos
  128 orcs
  8 bats
  7 giant cockroaches
  9 goblins
  15 hobgoblins
  16 jackals
  9 quokkas
  5 giant newts
  A jackal skeleton (D:7)
  11 kobolds
  A quokka zombie (D:8)
  9 rats
  3 briar patches (Swamp:3)
  A bush (Lair:8)
  A crawling corpse (Vaults:5)
  3 fungi
  5 plants
  2 starspawn tentacles (Abyss:2)
  A starspawn tentacle segment (Abyss:2)
2849 creatures vanquished.

Vanquished Creatures (collateral kills)
  2 greater mummies (Tomb:1)
  Norris (Vaults:2)
  A bone dragon (Abyss:2)
  A lich (Zig:7)
  A tentacled monstrosity (Vaults:5)
  A titan (Vaults:5)
  A deep elf master archer (Elf:3)
  4 sphinxes (Tomb:1)
  A thorn hunter (Swamp:3)
  2 tengu reavers
  A storm dragon (Vaults:5)
  A revenant (Zig:7)
  4 greater nagas (Snake:4)
  A daeva (Abyss:3)
  2 frost giants
  2 deep elf sorcerers (Elf:3)
  An orc warlord (Orc:2)
  A deep elf elementalist (Elf:3)
  4 vault wardens
  A spriggan defender (Depths:3)
  A draconian annihilator (Depths:5)
  7 ironheart preservers
  A very ugly thing (Depths:5)
  A bennu (Tomb:1)
  A vampire knight (Depths:3)
  A lorocyproca (Abyss:3)
  A chaos champion (Zig:6)
  A large abomination (Vaults:5)
  5 deep elf demonologists
  4 deep elf annihilators (Elf:3)
  2 vault guards
  2 deep elf death magi
  A yaktaur captain (Vaults:5)
  3 ogre magi
  3 naga warriors
  2 great orbs of eyes
  2 hydras
  3 death knights
  2 dancing weapons
  A deep troll shaman (Vaults:2)
  A thrashing horror (Abyss:3)
  A spriggan berserker (Depths:5)
  3 deep troll earth magi
  A shadow wraith (Zig:7)
  3 deep trolls
  5 death scarabs (Tomb:2)
  2 spriggan druids
  A deep elf archer (Vaults:2)
  2 swamp dragons
  A shambling mangrove (Swamp:4)
  2 phantasmal warriors
  A lindwurm (Swamp:4)
  An orc knight (Vaults:2)
  A harpy (Depths:3)
  3 ugly things
  4 deep elf magi
  3 ironbrand convokers (Vaults:2)
  3 oklob plants
  An orc sorcerer (Vaults:5)
  A cyclops (D:14)
  A necromancer (Depths:2)
  A wolf spider (Vaults:2)
  3 salamanders
  An iron dragon skeleton (Tomb:2)
  A shining eye (Slime:2)
  A centaur zombie (D:14)
  An elephant (shapeshifter) (Vaults:2)
  4 black mambas
  An elephant (Lair:8)
  2 apocalypse crabs (Zig:6)
  A guardian serpent (Abyss:3)
  A gargoyle (D:12)
  3 spiny frogs
  3 komodo dragons
  2 yaktaurs
  A freezing wraith (Vaults:2)
  An ancient zyme (Abyss:2)
  3 guardian mummies
  2 two-headed ogres
  A blink frog (shapeshifter) (Snake:4)
  2 slime creatures
  2 raiju (Abyss:2)
  A wind drake (Zig:9)
  4 blink frogs
  2 ushabtiu (Tomb:2)
  Sigmund (D:4)
  6 flying skulls
  A fire dragon skeleton (Tomb:2)
  A shadow (Crypt:2)
  A wyvern (Zig:9)
  A fire elemental (Elf:3)
  A wraith (Vaults:3)
  A yak (Lair:3)
  A fire bat (Swamp:4)
  A small abomination (Vaults:5)
  A chaos spawn (Zig:6)
  2 vampire mosquitoes
  A merfolk zombie (Tomb:2)
  A warg (Vaults:2)
  4 nagas
  5 swamp drakes
  Duvessa (D:4)
  A water moccasin (Lair:2)
  A giant eyeball (Vaults:4)
  8 orc warriors
  4 starcursed masses
  An eye of draining (D:10)
  A black bear (D:9)
  2 boggarts (Depths:1)
  2 centaurs
  5 ogres
  A human zombie (Vaults:5)
  3 giant frogs
  Dowan (D:4)
  2 killer bees (D:8)
  A troll skeleton (Abyss:3)
  4 jellies
  6 orc wizards
  5 orc priests
  An iguana (D:7)
  A lightning spire (Zig:9)
  2 worker ants
  A sheep (D:13)
  A hound zombie (D:6)
  8 mummies
  A howler monkey skeleton (D:7)
  A gnoll (Orc:2)
  An adder (D:10)
  A river rat (Lair:8)
  An ufetubus (Abyss:2)
  An adder skeleton (D:4)
  A giant gecko (D:4)
  25 orcs
  2 giant cockroaches (D:7)
  A goblin (Orc:2)
  2 rats (Lair:2)
  5 briar patches (Swamp:3)
  A crawling corpse (Vaults:5)
  A lurking horror (Abyss:2)
  A plant (Lair:8)
  3 starspawn tentacles
302 creatures vanquished.

Vanquished Creatures (others)
  A lich (Tomb:2)
  A fire giant (Zig:1)
  A very ugly thing (Abyss:3)
  2 death oozes (Slime:6)
  A deep elf death mage (Vaults:4)
  2 deep elf high priests (Elf:3)
  A hydra (Swamp:4)
  A death yak (Lair:7)
  A ghost crab (Swamp:4)
  A centaur warrior (Vaults:2)
  4 dancing weapons
  37 death scarabs
  A swamp dragon (Swamp:4)
  2 deep elf magi (Zig:10)
  An elephant (Lair:7)
  A frost giant zombie (Tomb:2)
  A black mamba (Lair:7)
  A yaktaur (Vaults:4)
  2 spiny frogs (Lair:7)
  A merfolk (Slime:2)
  2 slime creatures (Swamp:4)
  An air elemental (Elf:3)
  2 flying skulls (Tomb:2)
  A spriggan (Swamp:1)
  A yak (D:9)
  A golden eye (Slime:4)
  A steam dragon (Swamp:4)
  A swamp worm (Swamp:4)
  A warg (Vaults:4)
  A hell hound (Zig:5)
  4 orc warriors
  4 swamp drakes
  A slave (D:7)
  A wasp (Swamp:1)
  2 boggarts
  3 wolves
  A wight (D:6)
  5 electric eels (Lair:6)
  An orc priest (Orc:2)
  4 mummies (Tomb:2)
  8 orcs
  3 bushes (Lair:7)
  A crawling corpse (Vaults:5)
  29 fungi
  8 lost souls
  28 plants
  9 starspawn tentacles
  112 starspawn tentacle segments
  26 withered plants (Crypt:3)
325 creatures vanquished.

Grand Total: 3476 creatures vanquished

Notes
Turn   | Place    | Note
--------------------------------------------------------------
     0 | D:1      | Liquid the Demonspawn Chaos Knight began the quest for the Orb.
     0 | D:1      | Reached XP level 1. HP: 18/18 MP: 1/1
    26 | D:1      | Reached skill level 1 in Dodging
    57 | D:1      | XOM: smoke on damage
   216 | D:1      | XOM: silly message
   257 | D:1      | XOM: harmless Chrm miscast
   277 | D:1      | XOM: divination: magic mapping
   355 | D:1      | XOM: potion effect (might)
   357 | D:1      | Gained mutation: When hurt, damage is shared between your health and your magic reserves. [demonic ancestry]
   357 | D:1      | Reached XP level 2. HP: 9/24 MP: 2/2
   566 | D:1      | XOM: silly message
   654 | D:1      | Reached skill level 3 in Unarmed Combat
   654 | D:1      | XOM: harmless Fire miscast
  1133 | D:2      | XOM is BORED!
  1133 | D:2      | XOM: harmless Conj miscast
  1149 | D:2      | Gained mutation: A weak demonic guardian rushes to your aid. [demonic ancestry]
  1149 | D:2      | Reached XP level 3. HP: 29/29 MP: 3/3
  1410 | D:2      | XOM: silly message
  1422 | D:2      | Found a sparkling altar of Nemelex Xobeh.
  1491 | D:2      | Found a glowing silver altar of Zin.
  1525 | D:2      | XOM: harmless Air miscast
  1594 | D:2      | Found a burning altar of Makhleb.
  1630 | D:2      | XOM: harmless Trmt miscast
  1640 | D:2      | XOM: smoke on damage
  1772 | D:2      | XOM: harmless Trmt miscast
  1938 | D:2      | XOM: divination: magic mapping
  2173 | D:3      | Gained mutation: You have sharp fingernails. [demonic ancestry]
  2173 | D:3      | Reached XP level 4. HP: 35/35 MP: 4/4
  2708 | D:3      | XOM: harmless Ice miscast
  2833 | D:3      | Gained mutation: You passively map a small area around you. [potion of mutation]
  2833 | D:3      | Gained mutation: You are weak. (Str -2) [potion of mutation]
  2853 | D:3      | Gained mutation: Scrolls take you a little longer to read. [potion of mutation]
  2853 | D:3      | Gained mutation: Your body sometimes deteriorates upon taking damage. [potion of mutation]
  2853 | D:3      | Gained mutation: You have sharp toenails. [potion of mutation]
  2937 | D:3      | XOM: summons 2 hostile demons
  2978 | D:3      | XOM: give mutation
  2978 | D:3      | Gained mutation: You are very weak. (Str -4) [Xom's mischief]
  3330 | D:3      | XOM: harmless Hex miscast
  3532 | D:4      | Found a white marble altar of Elyvilon.
  3547 | D:4      | XOM: harmless Air miscast
  3552 | D:4      | Reached skill level 4 in Unarmed Combat
  3552 | D:4      | Reached XP level 5. HP: 22/41 MP: 5/5
  3714 | D:4      | Found a runed door.
  3714 | D:4      | Noticed a human
  3716 | D:4      | Found a basalt altar of Yredelemnul.
  3727 | D:4      | XOM: confuse monster(s)
  3736 | D:4      | Found a stormy altar of Qazlal.
  3736 | D:4      | Noticed a fire elemental
  3774 | D:4      | Noticed Duvessa
  3774 | D:4      | Noticed Dowan
  3783 | D:4      | Killed Duvessa
  3785 | D:4      | Killed Dowan
  3844 | D:4      | XOM: give mutations
  3844 | D:4      | Gained mutation: You can translocate small distances at will. [Xom's grace]
  3844 | D:4      | Gained mutation: You are resistant to hostile enchantments. [Xom's grace]
  3848 | D:4      | Found a staircase to the Ecumenical Temple.
  3855 | D:4      | Reached XP level 6. HP: 43/48 MP: 6/6
  3943 | D:4      | Noticed a water elemental
  3948 | D:4      | Noticed an air elemental
  3954 | D:4      | Noticed Sigmund
  3955 | D:4      | XOM: confuse monster(s)
  3964 | D:4      | Killed Sigmund
  4116 | D:4      | XOM: scenery: create altars
  4136 | D:5      | Entered Level 5 of the Dungeon
  4247 | D:5      | Reached skill level 5 in Unarmed Combat
  4279 | D:5      | XOM: scenery: 1 doors open
  4398 | D:5      | Gained mutation: You have very sharp fingernails. [demonic ancestry]
  4398 | D:5      | Reached XP level 7. HP: 49/55 MP: 5/7
  4440 | D:5      | Noticed Menkaure
  4464 | D:5      | XOM: swap monsters
  4467 | D:5      | Killed Menkaure
  4683 | D:5      | XOM: harmless Pois miscast
  4712 | D:5      | XOM: scenery: 1 doors open
  4751 | D:5      | XOM: swap monsters
  5111 | D:5      | Gained mutation: You regenerate magic rapidly. [demonic ancestry]
  5111 | D:5      | Reached XP level 8. HP: 48/61 MP: 8/8
  5165 | D:5      | Reached skill level 5 in Fighting
  5165 | D:5      | Reached skill level 6 in Unarmed Combat
  5263 | D:6      | Found a shattered altar of Ashenzari.
  5285 | D:6      | XOM: potion effect (haste)
  5287 | D:6      | Noticed Pikel
  5306 | D:6      | XOM: mild Necr miscast
  5308 | D:6      | XOM: enchant monster (good)
  5317 | D:6      | XOM: cast spell 'Spider Form'
  5318 | D:6      | Killed Pikel
  5357 | D:6      | XOM: divination: detect items
  5363 | D:6      | Reached skill level 7 in Unarmed Combat
  5376 | D:6      | XOM: polymorph freed slave -> golden eye
  5482 | D:6      | Noticed a two-headed ogre
  5482 | D:6      | a tengu changed into a two-headed ogre
  5483 | D:6      | a two-headed ogre changed into a yak
  5497 | D:6      | Reached skill level 5 in Armour
  5590 | D:6      | XOM: god gift: 23 stones
  5607 | D:6      | XOM: scenery: create altars
  5613 | D:6      | Noticed a manticore
  5716 | D:6      | Found a snail-covered altar of Cheibriados.
  5716 | D:6      | Found a deep blue altar of Sif Muna.
  5802 | D:6      | Noticed an anubis guard
  5835 | D:6      | Reached XP level 9. HP: 48/69 MP: 7/9
  5859 | D:6      | Noticed a wind drake
  5869 | D:6      | Noticed a harpy
  5869 | D:6      | a harpy changed into a hippogriff
  6187 | D:7      | XOM: divination: detect items
  6211 | D:7      | XOM: blink monster(s)
  6223 | D:7      | Reached skill level 5 in Dodging
  6227 | D:7      | XOM: harmless Air miscast
  6237 | D:7      | Reached skill level 8 in Unarmed Combat
  6384 | D:7      | XOM: divination: magic mapping
  6404 | D:7      | XOM: potion effect (heal wounds)
  6656 | D:7      | XOM: give mutations
  6656 | D:7      | Lost mutation: You passively map a small area around you. [Xom's mischief]
  6656 | D:7      | Lost mutation: You are very weak. (Str -4) [Xom's mischief]
  6656 | D:7      | Lost mutation: You have sharp toenails. [Xom's mischief]
  6687 | D:7      | XOM: god gift: beef jerky
  6846 | D:7      | XOM: confuse monster(s)
  6944 | D:7      | Found a shadowy altar of Dithmenos.
  7113 | D:7      | XOM: enchant monster (good)
  7123 | D:7      | Found a runed door.
  7174 | D:7      | XOM: god gift: 15 sling bullets
  7375 | D:7      | XOM: god gift: 5 meat rations
  7411 | D:7      | Found a runed door.
  7975 | D:8      | Reached skill level 9 in Unarmed Combat
  8037 | D:8      | XOM: polymorph iguana -> jelly
  8052 | D:8      | XOM: polymorph sky beast -> giant frog
  8058 | D:8      | Noticed Maurice
  8068 | D:8      | Killed Maurice
  8068 | D:8      | Reached XP level 10. HP: 32/79 MP: 3/10
  8113 | D:8      | XOM: colour smoke trail
  8284 | D:8      | XOM: polymorph ogre -> soldier ant
  8363 | D:8      | XOM: stat loss: -1 Str (10/11)
  8407 | D:8      | XOM: noise
  8416 | D:8      | Noticed Gastronok
  8420 | D:8      | XOM: polymorph centaur -> hell hound
  8448 | D:8      | XOM: 3-stop teleportation journey
  8456 | D:9      | Found Wutisch's Antique Armour Shoppe.
  8550 | D:9      | XOM: harmless Fire miscast
  8634 | D:9      | Found a shimmering altar of Xom.
  8645 | D:8      | XOM: enchant monster (bad)
  8648 | D:8      | XOM: potion effect (curing)
  8666 | D:8      | XOM: god gift: 47 gold pieces
  8667 | D:8      | XOM: harmless Air miscast
  8672 | D:8      | XOM: enchant monster (bad)
  8839 | D:8      | Found an ancient bone altar of Kikubaaqudgha.
  8883 | D:8      | XOM: potion effect (curing)
  8889 | D:8      | XOM: confuse monster(s)
  8894 | D:8      | Killed Gastronok
  8894 | D:8      | Reached skill level 10 in Unarmed Combat
  8965 | D:8      | XOM: silly message
  9229 | D:8      | Found a blossoming altar of Fedhas.
  9655 | D:8      | Noticed Psyche
  9665 | D:8      | Killed Psyche
  9704 | D:8      | XOM: colour smoke trail
  9752 | D:9      | Found a bloodstained altar of Trog.
  9806 | D:9      | XOM: 3-stop teleportation journey
  9879 | D:9      | Found a staircase to the Lair.
  9887 | D:9      | Reached XP level 11. HP: 77/87 MP: 11/11
 10361 | D:9      | XOM: scenery: create altars
 10578 | D:9      | XOM: give mutation
 10578 | D:9      | Gained mutation: You are clumsy. (Dex -2) [Xom's mischief]
 10621 | D:8      | XOM: mild Hex miscast
 10638 | D:8      | XOM: harmless Erth miscast
 10792 | D:9      | XOM: mild Hex miscast
 10909 | D:8      | Reached skill level 11 in Unarmed Combat
 11121 | D:9      | Found an oddly glowing altar of Pakellas.
 11121 | D:9      | Noticed an orange crystal statue
 11375 | D:9      | XOM: polymorph orc warrior -> fire bat
 11697 | D:9      | Found a staircase to the Orcish Mines.
 11761 | D:9      | XOM: smoke on damage
 11764 | D:9      | XOM: god gift: potion of heal wounds
 11792 | D:9      | XOM: severe Trmt miscast
 11800 | D:10     | Entered Level 10 of the Dungeon
 11800 | D:10     | Noticed a hill giant
 11904 | D:10     | Gained mutation: Your mind is acute. (Int +2) [mutagenic meat]
 11905 | D:10     | Gained mutation: Your spells are a little easier to cast, but a little less powerful. [mutagenic meat]
 11933 | D:10     | XOM: polymorph ufetubus -> shadow imp
 11998 | D:10     | Found a glowing golden altar of the Shining One.
 12047 | D:10     | XOM: fog
 12058 | D:10     | Reached skill level 1 in Shields
 12312 | D:10     | Gained mutation: You have sharp toenails. [mutagenic meat]
 12313 | D:10     | Lost mutation: You are weak. (Str -2) [mutagenic meat]
 12316 | D:10     | Gained mutation: Your flesh is cold resistant. [mutagenic meat]
 12317 | D:10     | Lost mutation: You have sharp toenails. [mutagenic meat]
 12661 | D:10     | XOM: chaos upgrade
 12665 | D:10     | Killed a hill giant
 12691 | D:10     | XOM: polymorph shadow imp -> crimson imp
 12708 | D:10     | XOM: silly message
 12879 | D:10     | XOM: summons 2 hostile demons
 12912 | D:10     | Killed an unseen horror
 13434 | D:11     | Found Rabar's Food Shop.
 13450 | D:11     | XOM: scenery: 1 fountains blood, 1 doors open
 13691 | D:11     | XOM: give mutations
 13691 | D:11     | Gained mutation: You have sharp toenails. [Xom's grace]
 13691 | D:11     | Gained mutation: You are highly resistant to hostile enchantments. [Xom's grace]
 13691 | D:11     | Gained mutation: You are robust (+10% HP). [Xom's grace]
 13691 | D:11     | Gained mutation: Your mind is very acute. (Int +4) [Xom's grace]
 13858 | D:11     | XOM: colour smoke trail
 13961 | D:11     | Noticed a hill giant
 13961 | D:11     | XOM: harmless Air miscast
 13972 | D:11     | Killed a hill giant
 14177 | D:11     | XOM: vitrification
 14538 | D:12     | XOM: scenery: 1 doors close
 14628 | D:12     | XOM: scenery: create altars
 14815 | D:12     | Learned a level 1 spell: Apportation
 14817 | D:12     | Learned a level 1 spell: Summon Butterflies
 14837 | D:12     | Noticed a purple ugly thing
 14846 | D:12     | Killed a purple ugly thing
 14868 | D:12     | Found a portal to a secret trove of treasure.
 14972 | D:12     | Reached skill level 5 in Shields
 15131 | D:12     | Gained mutation: You are surrounded by a mild repulsion field (EV +2). [demonic ancestry]
 15131 | D:12     | Reached XP level 12. HP: 86/104 MP: 10/12
 15293 | D:13     | XOM: divination: detect creatures
 15333 | D:13     | XOM: summons friendly quasit
 15384 | D:13     | XOM: potion effect (haste)
 15582 | D:13     | XOM: vitrification
 15613 | D:13     | XOM: god gift: 16 arrows
 15768 | D:13     | Noticed a tengu warrior
 15769 | D:13     | Noticed a tengu warrior
 15772 | D:13     | XOM: scenery: create altars
 15781 | D:13     | XOM: 3-stop teleportation journey
 15791 | D:13     | Noticed a four-headed hydra
 15792 | D:13     | XOM: potion effect (magic)
 15798 | D:13     | Killed a four-headed hydra
 15934 | D:13     | Reached skill level 1 in Spellcasting
 15974 | D:13     | XOM: divination: magic mapping
 16167 | D:13     | XOM: mild Divn miscast
 16173 | D:13     | XOM: mild Summ miscast
 16183 | D:13     | Noticed a tengu warrior
 16208 | D:13     | XOM: potion effect (invisibility)
 16230 | D:13     | Noticed an eight-headed hydra
 16571 | D:14     | Reached skill level 10 in Fighting
 16930 | D:14     | XOM: vitrification
 17318 | D:14     | Noticed a tengu warrior
 17321 | D:14     | XOM: confusion (+ monsters)
 17334 | D:14     | Killed a tengu warrior
 17338 | D:14     | XOM: medium Tloc miscast
 17553 | D:14     | XOM: 4-stop teleportation journey
 17585 | D:14     | Reached skill level 12 in Unarmed Combat
 17978 | Lair:1   | Entered Level 1 of the Lair of Beasts
 18017 | Lair:1   | XOM: polymorph hippogriff -> komodo dragon
 18054 | Lair:1   | XOM: scenery: create altars
 18060 | Lair:1   | XOM: give mutation
 18060 | Lair:1   | Lost mutation: Your mind is very acute. (Int +4) [Xom's mischief]
 18118 | Lair:1   | XOM: harmless Fire miscast
 18382 | Lair:1   | XOM: 2-stop teleportation journey
 18467 | Lair:1   | XOM: mild Summ miscast
 18485 | Lair:1   | XOM: severe Fire miscast
 18509 | Lair:1   | XOM: harmless Ice miscast
 18588 | Lair:1   | XOM: silly message
 18592 | Lair:1   | XOM: medium Necr miscast
 18610 | Lair:1   | XOM: 6-stop teleportation journey
 18647 | Lair:1   | XOM: polymorph ufetubus -> white imp
 19311 | Lair:2   | XOM: confuse monster(s)
 19331 | Lair:2   | XOM: divination: magic mapping
 19570 | Lair:2   | XOM: cast spell 'Hydra Form'
 19571 | Lair:2   | XOM: cast spell 'Summon Butterflies'
 19576 | Lair:2   | Gained mutation: You are surrounded by a moderate repulsion field (EV +3). [demonic ancestry]
 19576 | Lair:2   | Reached XP level 13. HP: 114/114 MP: 17/19
 19664 | Lair:2   | XOM: confuse monster(s)
 19878 | Lair:2   | Gained mutation: You passively map a small area around you. [potion of mutation]
 20369 | Lair:2   | XOM: harmless Divn miscast
 20371 | Lair:2   | XOM: harmless Tloc miscast
 20380 | Lair:2   | XOM: summons 2 friendly demons
 20387 | Lair:2   | XOM: swap monsters
 20406 | Lair:2   | Reached skill level 5 in Spellcasting
 20424 | Lair:2   | Learned a level 5 spell: Lee's Rapid Deconstruction
 20521 | Lair:2   | XOM: swap monsters
 20781 | Lair:3   | XOM: enchant monster (bad)
 20783 | Lair:3   | XOM: enchant monster (bad)
 20789 | Lair:3   | XOM: summons friendly shadow imp
 21091 | Lair:3   | XOM: confuse monster(s)
 21128 | Lair:3   | Found a labyrinth entrance.
 21136 | Lab      | Entered a labyrinth
 21318 | Lab      | XOM: 1-stop teleportation journey
 21326 | Lab      | XOM: medium Divn miscast
 21358 | Lab      | XOM: harmless Summ miscast
 21460 | Lab      | XOM: give mutations
 21460 | Lab      | Lost mutation: Scrolls take you a little longer to read. [Xom's mischief]
 21460 | Lab      | Lost mutation: You are clumsy. (Dex -2) [Xom's mischief]
 21625 | Lab      | Noticed a minotaur
 21631 | Lab      | Killed a minotaur
 21635 | Lab      | Got a slimy tin ring
 21693 | Lab      | Identified the ring "Bowulak" {MP+9 Dex+4} (You found it in a labyrinth)
 21753 | Lair:3   | XOM: confusion
 21755 | Lair:3   | XOM: swap monsters
 21766 | Lair:3   | XOM: summons 6 hostile demons
 21955 | Lair:3   | XOM: severe Ice miscast
 21960 | Lair:3   | XOM: harmless Hex miscast
 22358 | Lair:3   | XOM: medium Summ miscast
 22645 | Lair:3   | XOM: medium Chrm miscast
 22798 | Lair:3   | XOM: harmless Divn miscast
 22898 | Lair:4   | XOM: give mutations
 22898 | Lair:4   | Lost mutation: Your mind is acute. (Int +2) [Xom's mischief]
 22898 | Lair:4   | Gained mutation: Your body often deteriorates upon taking damage. [Xom's mischief]
 23125 | Lair:4   | XOM is BORED!
 23125 | Lair:4   | XOM: summons 6 hostile demons
 23313 | Lair:4   | You fall through a shaft for 3 floors!
 23320 | Lair:7   | Noticed a dire elephant
 23320 | Lair:7   | a death yak changed into a dire elephant
 23320 | Lair:7   | XOM: polymorph death yak -> dire elephant
 23323 | Lair:8   | Entered Level 8 of the Lair of Beasts
 23325 | Lair:8   | XOM: cast spell 'Cause Fear'
 23340 | Lair:7   | XOM: noise
 23351 | Lair:7   | XOM: summons 3 friendly demons
 23578 | Lair:6   | Found a staircase to the Swamp.
 23599 | Lair:6   | XOM: chaos cloud
 23608 | Lair:6   | Reached skill level 10 in Armour
 23827 | Lair:6   | XOM: destruction
 23834 | Lair:6   | Found a staircase to the Slime Pits.
 23839 | Lair:6   | XOM: confuse monster(s)
 24168 | Lair:6   | XOM: destruction
 24192 | Lair:6   | XOM: destruction
 24286 | Lair:6   | XOM: harmless Tloc miscast
 24370 | Lair:6   | XOM: cast spell 'Summon Mana Viper'
 24699 | Lair:6   | XOM: vitrification
 24763 | Lair:6   | XOM: cast spell 'Dragon Form'
 24785 | Lair:7   | XOM: enchant monster (good)
 24801 | Lair:7   | XOM: divine lightning (protected)
 24803 | Lair:7   | XOM: summons 13 friendly demons
 24808 | Lair:7   | XOM: confuse monster(s)
 24813 | Lair:7   | XOM: potion effect (curing)
 24817 | Lair:7   | Gained mutation: You are surrounded by a strong repulsion field (EV +4, rMsl). [demonic ancestry]
 24817 | Lair:7   | Reached XP level 14. HP: 108/124 MP: 25/25
 24871 | Lair:7   | XOM: fake destruction
 24972 | Lair:7   | XOM: smoke on damage
 24998 | Lair:7   | XOM: swap monsters
 25232 | Lair:7   | XOM: potion effect (heal wounds)
 25244 | Lair:7   | XOM: 4-stop teleportation journey
 25369 | Lair:7   | XOM: summons 1 hostile demon
 25375 | Lair:7   | XOM: cast spell 'Cause Fear'
 25376 | Lair:7   | XOM: enchant monster (bad)
 25390 | Lair:7   | XOM: 7-stop teleportation journey
 25645 | Lair:7   | XOM: summons 7 hostile demons
 25790 | Lair:7   | XOM: polymorph quasit -> quasit
 25791 | Lair:7   | XOM: swap monsters
 25796 | Lair:7   | XOM: cast spell 'Leda's Liquefaction'
 25800 | Lair:7   | XOM: polymorph death yak -> catoblepas
 25802 | Lair:7   | XOM: destruction
 25806 | Lair:7   | XOM: enchant monster (good)
 25828 | Lair:7   | XOM: cast spell 'Summon Mana Viper'
 25840 | Lair:7   | XOM: noise
 25844 | Lair:7   | XOM: fake destruction
 25862 | Lair:7   | XOM: divine lightning
 26244 | Lair:7   | XOM: harmless Hex miscast
 26283 | Lair:7   | XOM: give mutations
 26283 | Lair:7   | Lost mutation: Your body often deteriorates upon taking damage. [Xom's mischief]
 26283 | Lair:7   | Gained mutation: You are clumsy. (Dex -2) [Xom's mischief]
 26737 | Lair:7   | XOM: blink monster(s)
 26829 | Lair:7   | XOM: medium Erth miscast
 26977 | Lair:8   | XOM: enchant monster (bad)
 26986 | Lair:8   | XOM: blink monster(s)
 27059 | Lair:8   | XOM: polymorph crimson imp -> iron imp
 27128 | Lair:8   | XOM: confusion
 27204 | Lair:8   | XOM: 1-stop teleportation journey
 27218 | Lair:8   | XOM: harmless Pois miscast
 27305 | Lair:8   | XOM: confusion (+ monsters)
 27309 | Lair:8   | XOM: summons 1 friendly demon
 27313 | Lair:8   | XOM: confuse monster(s)
 27343 | Lair:8   | Reached skill level 13 in Unarmed Combat
 27356 | Lair:8   | XOM: give mutations
 27356 | Lair:8   | Lost mutation: Your spells are a little easier to cast, but a little less powerful. [Xom's grace]
 27356 | Lair:8   | Gained mutation: Your spells are a little harder to cast, but a little more powerful. [Xom's grace]
 27356 | Lair:8   | Gained mutation: Your muscles are strong. (Str +2) [Xom's grace]
 27356 | Lair:8   | Gained mutation: Your mind is acute. (Int +2) [Xom's grace]
 27367 | Lair:8   | XOM: fake destruction
 27434 | Lair:8   | XOM: god gift: scroll of teleportation
 27443 | Lair:8   | XOM: give mutation
 27443 | Lair:8   | Gained mutation: Your muscles are very strong. (Str +4) [Xom's grace]
 27488 | Lair:8   | XOM: potion effect (brilliance)
 27492 | Lair:8   | XOM: swap monsters
 27552 | Lair:8   | XOM: scenery: 1 doors open
 27564 | Lair:8   | XOM: swap monsters
 27600 | Lair:8   | XOM: confusion (+ monsters)
 27630 | Lair:8   | XOM: summons 8 friendly demons
 27678 | Lair:8   | XOM: scenery: create altars
 27679 | Lair:8   | XOM: blink monster(s)
 27782 | Lair:8   | XOM: cast spell 'Spider Form'
 27788 | Lair:8   | XOM: potion effect (might)
 28026 | Lair:8   | XOM: divination: magic mapping
 28076 | Lair:8   | XOM: medium Divn miscast
 28087 | Lair:8   | XOM: summons 3 friendly demons
 28099 | Lair:8   | XOM: god gift: meat ration
 28101 | Lair:8   | XOM: summons friendly shadow imp
 28121 | Lair:8   | XOM: scenery: create altars
 28176 | Lair:8   | XOM: god gift: scorched broad axe {god gift}
 28224 | Lair:8   | XOM: destruction
 28237 | Lair:8   | Got a scorched broad axe {god gift}
 28299 | Lair:8   | XOM: harmless Necr miscast
 28412 | Lair:8   | XOM: give mutations
 28412 | Lair:8   | Lost mutation: You can translocate small distances at will. [Xom's mischief]
 28412 | Lair:8   | Lost mutation: You have sharp toenails. [Xom's mischief]
 28549 | Lair:8   | XOM: polymorph iron imp -> quasit
 28577 | Lair:8   | XOM: divination: detect items
 28706 | Lair:8   | XOM: god gift: 20 gold pieces
 28960 | Lair:8   | Gained mutation: You have claws for hands. [demonic ancestry]
 28960 | Lair:8   | Reached XP level 15. HP: 99/132 MP: 28/28
 28977 | Lair:8   | XOM: polymorph quasit -> iron imp
 28984 | Lair:8   | XOM: summons 13 friendly demons
 29139 | Lair:5   | XOM: harmless Necr miscast
 29199 | Lair:5   | Found a staircase to the Snake Pit.
 29237 | Lair:5   | XOM: silly message
 29283 | Lair:5   | Lost mutation: Your spells are a little harder to cast, but a little more powerful. [potion of mutation]
 29283 | Lair:5   | Lost mutation: You are clumsy. (Dex -2) [potion of mutation]
 29284 | Lair:5   | Lost mutation: You are highly resistant to hostile enchantments. [potion of mutation]
 29284 | Lair:5   | Gained mutation: Your spells are a little easier to cast, but a little less powerful. [potion of mutation]
 29327 | Lair:5   | Gained mutation: Your natural rate of healing is unusually fast. [potion of mutation]
 29327 | Lair:5   | Gained mutation: You are occasionally teleported next to monsters. [potion of mutation]
 29327 | Lair:5   | Lost mutation: Your muscles are very strong. (Str +4) [potion of mutation]
 29548 | Lair:5   | XOM: god gift: meat ration
 29555 | Lair:5   | XOM: potion effect (might)
 29556 | Lair:5   | XOM: divination: detect items
 29561 | Lair:5   | XOM: potion effect (brilliance)
 29566 | Lair:5   | XOM: harmless Summ miscast
 29567 | Lair:5   | XOM: divination: magic mapping
 29587 | Lair:5   | Identified the +5 broad axe "Enicecann" {flame, rF- Int+4 Stlth+} (Xom gifted it to you on level 8 of the Lair of Beasts)
 29830 | Lair:5   | XOM: harmless Pois miscast
 30014 | Lair:4   | XOM: harmless Fire miscast
 30265 | Lair:4   | Reached skill level 10 in Spellcasting
 30369 | Lair:4   | Found an oddly glowing altar of Pakellas.
 30383 | Lair:4   | XOM: harmless Erth miscast
 30482 | Lair:2   | XOM: potion effect (invisibility)
 30687 | D:13     | XOM: mild Pois miscast
 30814 | D:13     | XOM: medium Fire miscast
 30825 | D:13     | XOM: stat loss: -1 Str (14/15)
 30838 | D:13     | XOM: god gift: triangular golden amulet {god gift}
 30987 | D:13     | Found a gate to the Vaults.
 31056 | D:13     | XOM: polymorph slime creature -> glowing shapeshifter
 31099 | D:13     | XOM: divine lightning
 31220 | D:13     | XOM: enchant monster (good)
 31225 | D:13     | XOM: god gift: whip {god gift}
 31482 | D:13     | XOM: god gift: 22 sling bullets
 31609 | Orc:1    | Entered Level 1 of the Orcish Mines
 31621 | Orc:1    | XOM: noise
 31633 | Orc:1    | XOM: blink monster(s)
 31675 | Orc:1    | Found a roughly hewn altar of Beogh.
 31747 | Orc:1    | XOM: enchant monster (good)
 31750 | Orc:1    | XOM: harmless Summ miscast
 31752 | Orc:1    | Noticed an orc warlord
 31763 | Orc:1    | XOM: enchant monster (bad)
 31779 | Orc:1    | Killed an orc warlord
 31848 | Orc:1    | Found a roughly hewn altar of Beogh.
 31873 | Orc:1    | XOM: enchant monster (good)
 32036 | Orc:1    | XOM: summons 2 friendly demons
 32315 | Orc:2    | Entered Level 2 of the Orcish Mines
 32333 | Orc:2    | Found a roughly hewn altar of Beogh.
 32333 | Orc:2    | XOM: 2-stop teleportation journey
 32428 | Orc:2    | Found a roughly hewn altar of Beogh.
 32470 | Orc:2    | Found a staircase to the Elven Halls.
 32489 | Orc:2    | Noticed Azrael
 32514 | Orc:2    | XOM: confuse monster(s)
 32578 | Orc:2    | XOM: blink monster(s)
 32605 | Orc:2    | XOM: confuse monster(s)
 32612 | Orc:2    | Reached skill level 1 in Earth Magic
 32621 | Orc:2    | XOM: polymorph wolf -> jelly
 32645 | Orc:2    | Killed Azrael
 32773 | Orc:2    | Found a roughly hewn altar of Beogh.
 32784 | Orc:2    | Reached skill level 10 in Shields
 32789 | Orc:2    | XOM: scenery: create altars
 32790 | Orc:2    | XOM: divination: detect creatures
 32794 | Orc:2    | Found Usasyry's Antique Weapon Shoppe.
 32847 | Orc:2    | Found a roughly hewn altar of Beogh.
 32858 | Orc:2    | Found a roughly hewn altar of Beogh.
 32889 | Orc:2    | Noticed an orc warlord
 32900 | Orc:2    | Killed an orc warlord
 33048 | Orc:2    | XOM: summons 12 friendly demons
 33054 | Orc:2    | Noticed an orc warlord
 33057 | Orc:2    | XOM: scenery: 4 doors close
 33059 | Orc:2    | XOM: confuse monster(s)
 33093 | Orc:2    | Killed an orc warlord
 33141 | Orc:2    | Found Ifafig's Antique Armour Shoppe.
 33142 | Orc:2    | Found a roughly hewn altar of Beogh.
 33144 | Orc:2    | Found Zafosch's Antique Weapon Emporium.
 33156 | Orc:2    | Bought a runed helmet for 157 gold pieces
 33158 | Orc:2    | Identified a scroll of acquirement
 33161 | Orc:2    | Got a steaming plate armour
 33173 | Orc:2    | Identified the +5 plate armour of the Hidden Tales {*Corrode rPois MR++ SInv} (You acquired it on level 2 of the Orcish Mines)
 33364 | Orc:2    | Found a roughly hewn altar of Beogh.
 33387 | Orc:2    | XOM: harmless Erth miscast
 33389 | Orc:2    | Found Lusiunla's Armour Shoppe.
 33526 | D:9      | XOM: summons 5 hostile demons
 33640 | D:13     | XOM: divination: magic mapping
 33723 | D:14     | Identified the Disquisition on the Blaze and Confrontation
 34324 | D:15     | Entered Level 15 of the Dungeon
 34427 | D:15     | XOM: summons 6 friendly demons
 34525 | D:15     | XOM: give mutation
 34525 | D:15     | Gained mutation: You are agile. (Dex +2) [Xom's grace]
 34536 | D:15     | XOM: give mutations
 34536 | D:15     | Gained mutation: You are highly resistant to hostile enchantments. [Xom's grace]
 34536 | D:15     | Gained mutation: You heal very quickly. [Xom's grace]
 34611 | D:15     | XOM: cast spell 'Summon Hydra'
 34616 | D:15     | Found Xemih's Armour Shoppe.
 34636 | D:15     | Bought the +2 helmet "Anamn" {rPois} for 359 gold pieces
 34636 | D:15     | Bought the cursed +0 ring mail "Xukitz" {*Drain rCorr Str+5 Slay+3} for 435 gold pieces
 34796 | D:15     | XOM: potion effect (haste)
 34805 | D:15     | Found a staircase to the Depths.
 34805 | D:15     | Noticed a frost giant
 34815 | D:15     | Killed a frost giant
 34904 | D:15     | XOM: medium Air miscast
 35051 | D:15     | XOM: cast spell 'Olgreb's Toxic Radiance'
 35061 | D:15     | XOM: divination: detect creatures
 35062 | D:15     | XOM: cast spell 'Summon Ice Beast'
 35084 | D:15     | XOM: summons friendly iron imp
 35095 | D:15     | Gained mutation: Your flesh is heat resistant. [demonic ancestry]
 35095 | D:15     | Reached XP level 16. HP: 45/141 MP: 24/30
 35435 | D:10     | XOM: colour smoke trail
 35523 | D:9      | Found a shimmering altar of Xom.
 35523 | D:9      | Found a shimmering altar of Xom.
 35524 | D:9      | Found a shimmering altar of Xom.
 35525 | D:9      | Found a shimmering altar of Xom.
 35646 | Elf:1    | Entered Level 1 of the Elven Halls
 35690 | Elf:1    | Found Vanudy's Distillery.
 35701 | Elf:1    | Bought a potion of resistance for 130 gold pieces
 35701 | Elf:1    | Bought a potion of heal wounds for 65 gold pieces
 35769 | Elf:1    | XOM: harmless Hex miscast
 35776 | Elf:1    | XOM: mild Tloc miscast
 35781 | Elf:1    | XOM: potion effect (invisibility)
 35789 | Elf:1    | XOM: enchant monster (good)
 35791 | Elf:1    | XOM: enchant monster (bad)
 35792 | Elf:1    | XOM: potion effect (berserk rage)
 35812 | Elf:1    | Reached skill level 14 in Unarmed Combat
 35848 | Elf:1    | XOM: cast spell 'Summon Ice Beast'
 35882 | Elf:1    | XOM: chaos upgrade
 35891 | Elf:1    | Paralysed by a deep elf mage for 2 turns
 35996 | Elf:1    | Found Camnue's Antique Armour Emporium.
 36044 | Elf:1    | XOM: give mutations
 36044 | Elf:1    | Lost mutation: Your mind is acute. (Int +2) [Xom's mischief]
 36044 | Elf:1    | Lost mutation: Your muscles are strong. (Str +2) [Xom's mischief]
 36087 | Elf:1    | XOM: mild Air miscast
 36162 | Elf:1    | XOM: chaos upgrade
 36309 | Elf:1    | XOM: 3-stop teleportation journey
 36326 | Elf:1    | Identified the Handbook of Supportive Conjuration (You found it on level 1 of the Elven Halls)
 36410 | Elf:1    | Found Sifunwud's Food Emporium.
 36439 | Elf:1    | XOM: mild Tloc miscast
 36585 | Elf:1    | XOM: cast spell 'Disjunction'
 36595 | Elf:1    | XOM: scenery: 1 doors close
 36699 | Elf:1    | XOM: vitrification
 36759 | Elf:2    | XOM: 1-stop teleportation journey
 36767 | Elf:2    | XOM: vitrification
 36963 | Elf:2    | XOM: confuse monster(s)
 37085 | Elf:2    | Noticed georgeearnest's ghost (journeyman HOFi)
 37097 | Elf:2    | XOM: mild Tloc miscast
 37098 | Elf:2    | Found a huge runed gate.
 37098 | Elf:2    | Found a huge runed gate.
 37119 | Elf:2    | Killed georgeearnest's ghost
 37133 | Elf:2    | Found a huge runed gate.
 37192 | Elf:2    | XOM: chaos upgrade
 37192 | Elf:2    | Noticed Agnes
 37226 | Elf:2    | XOM: confusion (+ monsters)
 37227 | Elf:2    | XOM: summons friendly crimson imp
 37388 | Elf:3    | Entered Level 3 of the Elven Halls
 37421 | Elf:3    | XOM: summons friendly ufetubus
 37463 | Elf:3    | XOM: chaos upgrade
 37503 | Elf:3    | XOM: noise
 37517 | Elf:3    | XOM: summons 12 friendly demons
 37555 | Elf:3    | XOM: noise
 37672 | Elf:3    | Noticed a deep elf master archer
 37674 | Elf:3    | Noticed a deep elf blademaster
 37682 | Elf:3    | XOM: harmless Pois miscast
 37684 | Elf:3    | XOM: cast spell 'Summon Ice Beast'
 37685 | Elf:3    | Noticed Aquadorian's ghost (veteran DsMo)
 37688 | Elf:3    | XOM: noise
 37693 | Elf:3    | XOM: potion effect (agility)
 37717 | Elf:2    | Upgraded the game from 0.18.1-8-gdd0e5ea to 0.18.1-47-g9310371
 37806 | Orc:2    | XOM: harmless Hex miscast
 38021 | Swamp:1  | XOM: stealth player
 38021 | Swamp:1  | Entered Level 1 of the Swamp
 38109 | Swamp:1  | Noticed Josephine
 38109 | Swamp:1  | XOM: enchant monster (good)
 38121 | Swamp:1  | XOM: potion effect (haste)
 38141 | Swamp:1  | Killed Josephine
 38231 | Swamp:1  | Noticed Malvoorn's ghost (journeyman DsAK)
 38235 | Swamp:1  | XOM: divination: detect creatures
 38252 | Swamp:1  | XOM: divination: detect items
 38256 | Swamp:1  | XOM: harmless Necr miscast
 38262 | Swamp:1  | Killed Malvoorn's ghost
 38262 | Swamp:1  | Reached skill level 5 in Earth Magic
 38315 | Swamp:1  | XOM: divination: magic mapping
 38365 | Swamp:1  | Noticed Louise
 38376 | Swamp:1  | Killed Louise
 38376 | Swamp:1  | Reached skill level 10 in Dodging
 38421 | Swamp:1  | XOM: enchant monster (bad)
 38426 | Swamp:1  | Reached XP level 17. HP: 125/150 MP: 32/32
 38571 | Swamp:1  | XOM: silly message
 38803 | Swamp:2  | Got a wavering bone ring
 38804 | Swamp:2  | Identified the ring of Devotion {-Tele +Inv rF+ rN+ MP+9} (You found it on level 2 of the Swamp)
 38894 | Swamp:2  | XOM: confusion
 38896 | Swamp:2  | XOM: polymorph iron imp -> white imp
 38945 | Swamp:2  | Noticed Jorgrun
 38961 | Swamp:2  | XOM: fog
 38963 | Swamp:2  | XOM: cast spell 'Dragon Form'
 38964 | Swamp:2  | XOM: summons 4 friendly demons
 38968 | Swamp:2  | Killed Jorgrun
 39089 | Swamp:2  | XOM: give mutations
 39089 | Swamp:2  | Gained mutation: You have a pair of small antennae on your head. [Xom's grace]
 39089 | Swamp:2  | Gained mutation: You are very agile. (Dex +4) [Xom's grace]
 39089 | Swamp:2  | Gained mutation: Your flesh is very cold resistant. [Xom's grace]
 39089 | Swamp:2  | Gained mutation: You evolve. [Xom's grace]
 39168 | Swamp:2  | XOM: summons friendly white imp
 39435 | Swamp:3  | XOM: cast spell 'Summon Dragon'
 39932 | Swamp:3  | XOM: divination: magic mapping
 39938 | Swamp:3  | XOM: enchant monster (good)
 39942 | Swamp:3  | XOM: confuse monster(s)
 39949 | Swamp:3  | XOM: divination: magic mapping
 39955 | Swamp:3  | XOM: potion effect (invisibility)
 39999 | Swamp:3  | XOM: potion effect (might)
 40135 | Swamp:4  | Entered Level 4 of the Swamp
 40142 | Swamp:4  | XOM: divination: detect creatures
 40143 | Swamp:4  | XOM: harmless Summ miscast
 40185 | Swamp:4  | XOM: potion effect (haste)
 40186 | Swamp:4  | XOM: harmless Conj miscast
 40200 | Swamp:4  | XOM: potion effect (heal wounds)
 40217 | Swamp:4  | XOM: potion effect (haste)
 40244 | Swamp:4  | XOM: confuse monster(s)
 40249 | Swamp:4  | XOM: destruction
 40289 | Swamp:4  | XOM: vitrification
 40296 | Swamp:4  | XOM: enchant monster (good)
 40466 | Swamp:3  | XOM: summons friendly white imp
 40560 | Swamp:4  | XOM: vitrification
 40570 | Swamp:4  | XOM: god gift: 6 steel javelins
 40578 | Swamp:4  | XOM: chaos cloud
 40661 | Swamp:4  | XOM: swap monsters
 40664 | Swamp:4  | XOM: divine lightning (protected)
 40669 | Swamp:4  | XOM: divine lightning
 40680 | Swamp:4  | XOM: enchant monster (good)
 40692 | Swamp:4  | XOM: summons 7 friendly demons
 40695 | Swamp:4  | XOM: enchant monster (good)
 40707 | Swamp:4  | XOM: polymorph crimson imp -> white imp
 40711 | Swamp:4  | XOM: potion effect (curing)
 40712 | Swamp:4  | XOM: destruction
 40714 | Swamp:4  | XOM: enchant monster (bad)
 40763 | Swamp:4  | Got a decaying rune of Zot
 40806 | Swamp:4  | XOM: destruction
 40830 | Swamp:4  | Reached skill level 15 in Unarmed Combat
 41037 | Swamp:4  | XOM: summons 1 hostile demon
 41453 | Snake:1  | Entered Level 1 of the Snake Pit
 41504 | Snake:1  | XOM: god gift: scroll of teleportation
 41595 | Snake:1  | Found Kasuxt's Distillery.
 41604 | Snake:1  | Bought a potion of haste for 190 gold pieces
 41604 | Snake:1  | Bought a potion of heal wounds for 95 gold pieces
 41604 | Snake:1  | Bought a potion of haste for 190 gold pieces
 41604 | Snake:1  | Bought a potion of haste for 190 gold pieces
 41616 | Snake:1  | Lost mutation: Your body sometimes deteriorates upon taking damage. [evolution]
 41616 | Snake:1  | Lost mutation: You evolve. [end of evolution]
 41844 | Snake:1  | XOM: give mutations
 41844 | Snake:1  | Gained mutation: You have sharp toenails. [Xom's grace]
 41844 | Snake:1  | Gained mutation: Your system is resistant to poisons. [Xom's grace]
 41906 | Snake:1  | XOM: god gift: bloodstained hat {god gift}
 41909 | Snake:1  | Got a bloodstained hat {god gift}
 41915 | Snake:1  | Identified the +1 hat "Ycsorug" {Str+2} (Xom gifted it to you on level 1 of the Snake Pit)
 41987 | Snake:1  | XOM: scenery: create altars
 42071 | Snake:1  | Learned a level 6 spell: Statue Form
 42300 | Snake:1  | XOM: cast spell 'Ring of Flames'
 42454 | Snake:1  | XOM: destruction
 42559 | Snake:2  | Reached skill level 1 in Transmutations
 42570 | Snake:2  | XOM: summons friendly orange demon
 42580 | Snake:2  | XOM: cast spell 'Dispersal'
 42585 | Snake:2  | XOM: divination: magic mapping
 42789 | Snake:2  | XOM: summons friendly ufetubus
 42857 | Snake:2  | XOM: divination: detect creatures
 43407 | Snake:2  | XOM: harmless Conj miscast
 43580 | Snake:3  | Gained mutation: A demonic guardian rushes to your aid. [demonic ancestry]
 43580 | Snake:3  | Reached XP level 18. HP: 42/160 MP: 13/34
 43581 | Snake:3  | XOM: confuse monster(s)
 43679 | Snake:3  | XOM: cast spell 'Confusing Touch'
 43738 | Snake:3  | XOM: silly message
 43869 | Snake:3  | XOM: harmless Divn miscast
 44117 | Snake:4  | XOM: noise
 44117 | Snake:4  | Entered Level 4 of the Snake Pit
 44118 | Snake:4  | XOM: confusion (+ monsters)
 44150 | Snake:4  | XOM: noise
 44155 | Snake:4  | XOM: harmless Fire miscast
 44216 | Snake:4  | XOM: divination: detect creatures
 44237 | Snake:4  | XOM: divination: detect items
 44309 | Snake:4  | XOM: chaos upgrade
 44312 | Snake:4  | XOM: confusion (+ monsters)
 44326 | Snake:4  | XOM: enchant monster (good)
 44338 | Snake:4  | XOM: give mutation
 44338 | Snake:4  | Lost mutation: You are very agile. (Dex +4) [Xom's mischief]
 44364 | Snake:4  | Noticed Wiglaf
 44384 | Snake:4  | XOM: noise
 44396 | Snake:4  | XOM: blink monster(s)
 44402 | Snake:4  | Killed Wiglaf
 44444 | Snake:4  | Found a shattered altar of Ashenzari.
 44595 | Snake:4  | XOM: enchant monster (bad)
 44616 | Snake:4  | XOM: harmless Chrm miscast
 44744 | Snake:4  | XOM: medium Summ miscast
 44897 | Snake:4  | Lost mutation: Your system is resistant to poisons. [mutagenic meat]
 44901 | Snake:4  | Lost mutation: You are agile. (Dex +2) [mutagenic meat]
 44970 | Snake:4  | XOM: medium Tloc miscast
 45104 | Snake:4  | XOM: confusion
 45174 | Snake:4  | XOM: polymorph naga warrior -> sea snake
 45179 | Snake:4  | XOM: mild Pois miscast
 45183 | Snake:4  | XOM: summons 2 friendly demons
 45222 | Snake:4  | XOM: mild Summ miscast
 45231 | Snake:4  | XOM: enchant monster (good)
 45250 | Snake:4  | XOM: mild Tloc miscast
 45258 | Snake:4  | XOM: harmless Trmt miscast
 45528 | Snake:4  | XOM: polymorph naga sharpshooter -> mana viper
 45636 | Snake:4  | XOM: divination: magic mapping
 45725 | Snake:4  | XOM: potion effect (brilliance)
 45753 | Snake:4  | XOM: summons 4 hostile shadow creatures
 45949 | Snake:4  | XOM: enchant monster (bad)
 45967 | Snake:4  | XOM: noise
 45978 | Snake:4  | XOM: noise
 45981 | Snake:4  | XOM: polymorph naga -> blink frog
 45988 | Snake:4  | XOM: polymorph ice devil -> shadow demon
 46118 | Snake:4  | Gained mutation: You are immune to clouds of flame. [demonic ancestry]
 46118 | Snake:4  | Reached XP level 19. HP: 131/168 MP: 36/36
 46150 | Snake:4  | XOM: noise
 46176 | Snake:4  | Got a serpentine rune of Zot
 46271 | Snake:4  | XOM: noise
 46454 | Snake:4  | XOM: confuse monster(s)
 46466 | Snake:4  | XOM: give mutations
 46466 | Snake:4  | Lost mutation: You are occasionally teleported next to monsters. [Xom's mischief]
 46466 | Snake:4  | Lost mutation: You heal very quickly. [Xom's mischief]
 46466 | Snake:4  | Lost mutation: You are highly resistant to hostile enchantments. [Xom's mischief]
 46652 | Snake:4  | XOM: mild Tloc miscast
 46919 | Lair:4   | XOM: draining
 47206 | D:9      | XOM: mild Chrm miscast
 47450 | Elf:3    | Reached skill level 5 in Transmutations
 47576 | Elf:3    | XOM: blink monster(s)
 47577 | Elf:3    | XOM: polymorph deep elf archer -> hill giant
 47748 | Elf:3    | Gained mutation: You can translocate small distances at will. [potion of beneficial mutation]
 47761 | Elf:3    | XOM: stat loss: -1 Dex (21/22)
 47762 | Elf:3    | XOM: draining
 47856 | Elf:3    | XOM: harmless Chrm miscast
 47930 | Elf:3    | XOM: noise
 47961 | Elf:3    | XOM: scenery: 2 doors close
 48050 | Elf:3    | XOM: enchant monster (good)
 48089 | Elf:3    | XOM: summons friendly iron imp
 48235 | Elf:3    | XOM: vitrification
 48296 | Elf:3    | Noticed a Brimstone Fiend
 48329 | Elf:3    | XOM: cast spell 'Death Channel'
 48365 | Elf:3    | XOM: summons friendly crimson imp
 48395 | Elf:3    | XOM: medium Hex miscast
 48439 | Elf:3    | Got a bloodstained ring mail
 48448 | Elf:3    | Identified the Grimoire of Sinister Magic
 48451 | Elf:3    | Identified the +0 ring mail "Xuxoekh" {-Tele Dex+4} (You found it on level 3 of the Elven Halls)
 48547 | Elf:3    | Identified the Grimoire of the Rocks
 48553 | Elf:3    | Learned a level 4 spell: Petrify
 48821 | Elf:3    | XOM: vitrification
 48949 | Elf:3    | XOM: harmless Fire miscast
 48962 | Elf:3    | XOM: summons 6 hostile demons
 48969 | Elf:3    | XOM: enchant monster (bad)
 48979 | Elf:3    | Killed Aquadorian's ghost
 48992 | Elf:3    | XOM: mild Tloc miscast
 49110 | Elf:3    | XOM: medium Ice miscast
 49394 | Vaults:1 | Entered Level 1 of the Vaults
 49395 | Vaults:1 | XOM: noise
 49401 | Vaults:1 | XOM: harmless Divn miscast
 49419 | Vaults:1 | XOM: fog
 49439 | Vaults:1 | XOM: enchant monster (good)
 49748 | Vaults:1 | XOM: confusion
 49760 | Vaults:1 | XOM: confuse monster(s)
 49981 | Vaults:1 | XOM: enchant monster (good)
 49982 | Vaults:1 | XOM: mild Tloc miscast
 49988 | D:13     | XOM: blink monster(s)
 50186 | Vaults:1 | XOM: mild Conj miscast
 50188 | D:13     | XOM: polymorph deep troll shaman -> five-headed hydra
 50327 | Vaults:1 | XOM: potion effect (berserk rage)
 50716 | Vaults:1 | XOM: potion effect (brilliance)
 50745 | Vaults:1 | XOM: noise
 50843 | Vaults:1 | XOM: harmless Fire miscast
 50847 | Vaults:1 | Gained mutation: A powerful demonic guardian rushes to your aid. [demonic ancestry]
 50847 | Vaults:1 | Reached XP level 20. HP: 143/176 MP: 38/38
 50890 | Vaults:1 | XOM: mild Erth miscast
 50936 | Vaults:1 | XOM: cast spell 'Ring of Flames'
 50983 | Vaults:1 | XOM: confuse monster(s)
 50992 | Vaults:1 | XOM: enchant monster (good)
 51116 | Vaults:1 | XOM: noise
 51121 | Vaults:1 | XOM: cast spell 'Dragon Form'
 51316 | Vaults:1 | XOM: harmless Ice miscast
 51415 | Vaults:1 | XOM: polymorph red ugly thing -> five-headed hydra
 51435 | Vaults:1 | XOM: destruction
 51503 | Vaults:1 | XOM: polymorph large slime creature -> giant orange brain
 51513 | Vaults:1 | Reached skill level 15 in Spellcasting
 51699 | Vaults:2 | XOM: divine lightning
 51790 | Vaults:2 | XOM: polymorph ironbrand convoker -> boulder beetle
 51932 | Vaults:2 | XOM: confuse monster(s)
 51984 | Vaults:2 | XOM: mild Ice miscast
 52034 | Vaults:2 | XOM: harmless Tloc miscast
 52052 | Vaults:2 | Reached skill level 10 in Earth Magic
 52092 | Vaults:2 | XOM: mild Ice miscast
 52119 | Vaults:2 | XOM: polymorph demonic crawler -> rakshasa
 52132 | Vaults:2 | XOM: smoke on damage
 52392 | Vaults:2 | XOM: cast spell 'Olgreb's Toxic Radiance'
 52394 | Vaults:2 | XOM: enchant monster (good)
 52403 | Vaults:2 | Noticed Norris
 52405 | Vaults:2 | XOM: fog
 52414 | Vaults:2 | XOM: swap monsters
 52417 | Vaults:2 | XOM: potion effect (invisibility)
 52427 | Vaults:2 | XOM: summons 3 friendly demons
 52437 | Vaults:2 | XOM: cast spell 'Statue Form'
 52444 | Vaults:2 | Killed Norris
 52453 | Vaults:2 | XOM: god gift: 8 needles of sleeping
 52530 | Vaults:2 | XOM: summons friendly quasit
 52604 | Vaults:2 | XOM: fake destruction
 52743 | Vaults:2 | XOM: potion effect (berserk rage)
 52748 | Vaults:2 | XOM: enchant monster (good)
 52763 | Vaults:2 | XOM: summons friendly ufetubus
 52768 | Vaults:2 | XOM: potion effect (brilliance)
 52781 | Vaults:2 | XOM: confuse monster(s)
 52786 | Vaults:2 | XOM: cast spell 'Summon Dragon'
 53226 | Vaults:3 | XOM: divination: detect creatures
 53230 | Vaults:3 | XOM: summons friendly white imp
 53253 | Vaults:3 | XOM: noise
 53257 | Vaults:3 | XOM: chaos upgrade
 53268 | Vaults:3 | XOM: polymorph reaper -> balrug
 53273 | Vaults:3 | XOM: harmless Divn miscast
 53402 | Vaults:3 | Paralysed by the power of Zot for 3 turns
 53501 | Vaults:3 | XOM: colour smoke trail
 53526 | Vaults:3 | XOM: destruction
 53544 | Vaults:3 | XOM: scenery: 1 doors close
 53730 | Vaults:3 | XOM: fog
 53737 | Vaults:3 | XOM: confuse monster(s)
 53943 | Vaults:3 | Found a staircase to the Crypt.
 53944 | Vaults:3 | XOM: vitrification
 53966 | Vaults:3 | XOM: scenery: 2 doors open
 54031 | Vaults:3 | XOM: vitrification
 54147 | Vaults:3 | XOM: scenery: 1 doors close
 54150 | Vaults:3 | XOM: cast spell 'Metabolic Englaciation'
 54297 | Vaults:3 | XOM: smoke on damage
 54311 | Vaults:3 | XOM: give mutation
 54311 | Vaults:3 | Gained mutation: Your flesh is very heat resistant. [Xom's grace]
 54366 | Vaults:3 | XOM: chaos upgrade
 54369 | Vaults:3 | Reached XP level 21. HP: 126/182 MP: 40/40
 54484 | Vaults:3 | XOM: give mutation
 54484 | Vaults:3 | Lost mutation: Your natural rate of healing is unusually fast. [Xom's mischief]
 54581 | Vaults:4 | Found Ruluex's Assorted Antiques.
 54590 | Vaults:4 | Bought a shimmering granite ring for 105 gold pieces
 54590 | Vaults:4 | Bought a scroll of teleportation for 63 gold pieces
 54600 | Vaults:4 | Bought a glowing iron wand for 84 gold pieces
 54600 | Vaults:4 | Identified the ring "Hevynleorch" {rC+ Str+5 Slay+3} (You bought it in a shop on level 4 of the Vaults)
 54621 | Vaults:4 | XOM: harmless Trmt miscast
 54630 | Vaults:4 | XOM: swap monsters
 54636 | Vaults:4 | Cast into level 3 of the Abyss (a deep elf sorcerer)
 54636 | Abyss:3  | Found a corrupted altar of Lugonu.
 54686 | Abyss:3  | XOM: chaos cloud
 54687 | Abyss:3  | XOM: polymorph iron imp -> quasit
 54708 | Abyss:3  | XOM: give mutations
 54708 | Abyss:3  | Lost mutation: You are resistant to hostile enchantments. [Xom's mischief]
 54708 | Abyss:3  | Lost mutation: You have sharp toenails. [Xom's mischief]
 54925 | Abyss:3  | XOM: stat loss: -1 Int (15/16)
 54945 | Abyss:3  | XOM: smoke on damage
 54997 | Abyss:3  | XOM: scenery: create altars
 55007 | Abyss:3  | XOM: mild Hex miscast
 55016 | Abyss:3  | XOM: enchant monster (bad)
 55029 | Abyss:3  | XOM: divination: detect items
 55037 | Abyss:3  | XOM: harmless Trmt miscast
 55038 | Abyss:3  | Reached skill level 10 in Transmutations
 55052 | Vaults:4 | Escaped the Abyss
 55304 | Vaults:3 | XOM: give mutations
 55304 | Vaults:3 | Lost mutation: You are robust (+10% HP). [Xom's mischief]
 55304 | Vaults:3 | Gained mutation: You are weak. (Str -2) [Xom's mischief]
 55304 | Vaults:3 | Gained mutation: You are very weak. (Str -4) [Xom's mischief]
 55304 | Vaults:3 | Gained mutation: Scrolls take you a little longer to read. [Xom's mischief]
 55594 | Vaults:4 | Cast into level 2 of the Abyss (a deep elf sorcerer)
 55644 | Abyss:2  | XOM: mild Trmt miscast
 55657 | Abyss:2  | Got a scintillating platinum amulet
 55659 | Abyss:2  | Identified the amulet of Peuseipp {Regen+ Str+5 Int-3 SInv} (You found it on level 2 of the Abyss)
 55849 | Abyss:2  | XOM: scenery: create altars
 55865 | Abyss:2  | XOM: harmless Tloc miscast
 55898 | Abyss:2  | XOM: medium Hex miscast
 55920 | Vaults:4 | Escaped the Abyss
 55923 | Vaults:4 | XOM: polymorph vault sentinel -> giant eyeball
 55930 | Vaults:4 | Paralysed by a giant eyeball for 3 turns
 55951 | Vaults:4 | XOM: divine lightning
 56219 | Vaults:4 | Found Oxuxkiab's Distillery.
 56227 | Vaults:4 | Bought a potion of heal wounds for 110 gold pieces
 56227 | Vaults:4 | Bought a potion of agility for 88 gold pieces
 56227 | Vaults:4 | Bought a potion of haste for 220 gold pieces
 56328 | Vaults:4 | Found Ynadela's Food Boutique.
 56395 | Vaults:4 | XOM: enchant monster (bad)
 56408 | Vaults:4 | XOM: enchant monster (good)
 56410 | Vaults:4 | XOM: enchant monster (bad)
 56427 | Vaults:4 | XOM: medium Hex miscast
 56459 | Vaults:4 | XOM: colour smoke trail
 56491 | Vaults:4 | XOM: blink monster(s)
 56570 | Vaults:4 | XOM: polymorph ogre mage -> hill giant
 56619 | Vaults:4 | Found Ycun's General Store.
 56667 | Vaults:4 | XOM: give mutations
 56667 | Vaults:4 | Gained mutation: Your body sometimes deteriorates upon taking damage. [Xom's mischief]
 56667 | Vaults:4 | Lost mutation: Scrolls take you a little longer to read. [Xom's mischief]
 56690 | Vaults:4 | Noticed Aizul
 56696 | Vaults:4 | Killed Aizul
 56749 | Vaults:4 | XOM: repel stairs
 56771 | Vaults:4 | Reached skill level 15 in Shields
 56853 | Vaults:4 | Found Muosat's Distillery.
 56863 | Vaults:4 | Bought a potion of agility for 76 gold pieces
 56863 | Vaults:4 | Bought a potion of haste for 190 gold pieces
 56863 | Vaults:4 | Bought a potion of heal wounds for 95 gold pieces
 56863 | Vaults:4 | Bought a potion of curing for 57 gold pieces
 57051 | Vaults:4 | XOM: confusion
 57054 | Vaults:4 | XOM: summons 6 friendly demons
 57058 | Vaults:4 | XOM: harmless Ice miscast
 57061 | Vaults:4 | XOM: confuse monster(s)
 57062 | Vaults:4 | XOM: noise
 57066 | Vaults:4 | XOM: confuse monster(s)
 57072 | Vaults:4 | Noticed Xtahua
 57079 | Vaults:4 | Killed Xtahua
 57093 | Vaults:4 | XOM: blink monster(s)
 57189 | Vaults:5 | Entered Level 5 of the Vaults
 57193 | Vaults:5 | XOM: enchant monster (bad)
 57195 | Vaults:5 | XOM: summons 2 hostile shadow creatures
 57199 | Vaults:5 | Reached XP level 22. HP: 120/173 MP: 22/41
 57201 | Vaults:5 | Reached skill level 16 in Unarmed Combat
 57354 | Vaults:4 | XOM: harmless Pois miscast
 57571 | Depths:1 | Entered Level 1 of the Depths
 57621 | Depths:1 | XOM: chaos upgrade
 57697 | Depths:1 | XOM: destruction
 57737 | Depths:1 | XOM: scenery: create altars
 57796 | Depths:1 | XOM: blink monster(s)
 57830 | Depths:1 | Found a one-way gate to the infinite horrors of the Abyss.
 57935 | Depths:1 | XOM: harmless Divn miscast
 57964 | Depths:1 | XOM: harmless Air miscast
 58236 | Depths:1 | XOM: noise
 58363 | Depths:1 | Reached skill level 15 in Fighting
 58525 | Depths:1 | Found a gateway to Hell.
 58670 | Depths:1 | XOM: god gift: worn bronze wand {god gift}
 58685 | Depths:1 | XOM: cast spell 'Hydra Form'
 58789 | D:12     | XOM: give mutations
 58789 | D:12     | Lost mutation: Your flesh is very cold resistant. [Xom's mischief]
 58789 | D:12     | Lost mutation: Your flesh is cold resistant. [Xom's mischief]
 58824 | D:12     | You paid a toll of a wand of heal wounds (9) to enter a treasure trove
 58825 | Trove    | Entered a treasure trove
 58859 | Trove    | Got a scintillating golden amulet
 58861 | Trove    | Got a vibrating graven amulet
 58863 | Trove    | Identified the amulet "Reocit" {Inacc Str+4} (You found it in a treasure trove)
 58876 | Trove    | Identified the amulet of the Hidden Spirits {Inacc rElec MP+9 Int-5} (You found it in a treasure trove)
 58881 | Trove    | Reached XP level 23. HP: 181/181 MP: 42/42
 59050 | D:15     | XOM: medium Necr miscast
 59141 | Depths:1 | XOM: harmless Fire miscast
 59205 | Depths:2 | Noticed Sojobo
 59205 | Depths:2 | XOM: summons 3 hostile shadow creatures
 59211 | Depths:2 | XOM: harmless Air miscast
 59214 | Depths:2 | XOM: blink monster(s)
 59246 | Depths:2 | XOM: enchant monster (bad)
 59249 | Depths:2 | XOM: enchant monster (good)
 59259 | Depths:2 | XOM: summons 11 friendly demons
 59314 | Depths:2 | Killed Sojobo
 59327 | Depths:2 | Noticed Margery
 59327 | Depths:2 | XOM: give mutations
 59327 | Depths:2 | Lost mutation: You can translocate small distances at will. [Xom's mischief]
 59327 | Depths:2 | Gained mutation: Armour fits poorly on your strangely shaped body. [Xom's mischief]
 59327 | Depths:2 | Gained mutation: You are clumsy. (Dex -2) [Xom's mischief]
 59341 | Depths:2 | Killed Margery
 59471 | Depths:2 | Found Sige's Food Boutique.
 59548 | Depths:2 | XOM: confusion (+ monsters)
 59589 | Depths:2 | XOM: chaos upgrade
 59607 | Depths:2 | XOM: give mutations
 59607 | Depths:2 | Gained mutation: Your body often deteriorates upon taking damage. [Xom's mischief]
 59607 | Depths:2 | Gained mutation: You are frail (-10% HP). [Xom's mischief]
 59607 | Depths:2 | Lost mutation: Your body often deteriorates upon taking damage. [Xom's mischief]
 59875 | Depths:2 | XOM: chaos cloud
 59879 | Depths:2 | XOM: mild Fire miscast
 59881 | Depths:2 | XOM: draining
 59936 | Depths:2 | Got a warped ring mail
 59995 | Depths:2 | XOM: harmless Trmt miscast
 60106 | Depths:2 | XOM: enchant monster (bad)
 60109 | Depths:2 | XOM: polymorph stone giant -> quicksilver dragon
 60283 | Depths:2 | XOM: polymorph balrug -> lorocyproca
 60334 | Depths:2 | XOM: harmless Air miscast
 60497 | Depths:3 | XOM: give mutations
 60497 | Depths:3 | Gained mutation: You are dopey. (Int -2) [Xom's mischief]
 60497 | Depths:3 | Lost mutation: Your flesh is very heat resistant. [Xom's mischief]
 60549 | Depths:3 | XOM: mild Divn miscast
 60586 | Depths:3 | Got a pitted amber ring
 60684 | Depths:3 | Paralysed by a great orb of eyes for 3 turns
 60692 | Depths:3 | XOM: divination: detect creatures
 60702 | Depths:3 | Got a heavily runed turquoise ring
 60703 | Depths:3 | XOM: give mutations
 60703 | Depths:3 | Lost mutation: You passively map a small area around you. [Xom's mischief]
 60703 | Depths:3 | Lost mutation: You are dopey. (Int -2) [Xom's mischief]
 60857 | Depths:3 | Gained mutation: When low on magic, you restore magic in place of health. [demonic ancestry]
 60857 | Depths:3 | Reached XP level 24. HP: 170/170 MP: 42/42
 60892 | Depths:3 | Found a one-way gate leading to the halls of Pandemonium.
 60929 | Depths:3 | XOM: blink monster(s)
 60933 | Depths:3 | XOM: polymorph moth of wrath -> mana viper
 61044 | Depths:3 | Identified the cursed +0 ring mail of Rodizarph {rC+ Int+2 Dex+5} (You found it on level 2 of the Depths)
 61045 | Depths:3 | Identified the ring "Sitir" {*Tele Str+4} (You took it off an orc warrior on level 3 of the Depths)
 61066 | Depths:3 | XOM: vitrification
 61071 | Depths:3 | Found an iron altar of Okawaru.
 61216 | Depths:3 | Found a radiant altar of Vehumet.
 61257 | Depths:3 | XOM: swap monsters
 61319 | Depths:3 | XOM: summons 9 friendly demons
 61362 | Depths:3 | XOM: swap monsters
 61373 | Depths:3 | Got a sparkling platinum ring
 61425 | Depths:3 | Identified the ring "Neofohaj" {*Contam rPois Int+5 Dex-5 Stlth+} (You found it on level 3 of the Depths)
 61427 | Depths:3 | Identified the ring of Desertification {*Tele rF+ rC+ MP+9} (You took it off a vampire mage on level 3 of the Depths)
 61455 | Depths:4 | Gained mutation: You expend magic power (3 MP) to strengthen your wands. [mutagenic glow]
 61467 | Depths:4 | XOM: polymorph spriggan air mage -> minotaur
 61475 | Depths:4 | XOM: fog
 61481 | Depths:4 | XOM: blink monster(s)
 61495 | Depths:4 | Lost mutation: You are clumsy. (Dex -2) [potion of cure mutation]
 61495 | Depths:4 | Lost mutation: You have a pair of small antennae on your head. [potion of cure mutation]
 61495 | Depths:4 | Lost mutation: Armour fits poorly on your strangely shaped body. [potion of cure mutation]
 61495 | Depths:4 | Lost mutation: Your body sometimes deteriorates upon taking damage. [potion of cure mutation]
 61495 | Depths:4 | Lost mutation: You are very weak. (Str -4) [potion of cure mutation]
 61495 | Depths:4 | Lost mutation: Your spells are a little easier to cast, but a little less powerful. [potion of cure mutation]
 61537 | Depths:4 | XOM: confuse monster(s)
 61609 | Depths:4 | XOM: confuse monster(s)
 61670 | Depths:4 | XOM: summons 2 friendly demons
 61679 | Depths:4 | Reached skill level 1 in Translocations
 61819 | Depths:4 | XOM: potion effect (might)
 62001 | Depths:4 | XOM: harmless Summ miscast
 62036 | Depths:4 | XOM: mild Fire miscast
 62052 | Depths:4 | XOM: confuse monster(s)
 62068 | Depths:4 | Got a twitching ivory ring
 62071 | Depths:4 | Identified the ring "Goof" {+Fly rC+ Str+3 Int-3 Dex+3} (You found it on level 4 of the Depths)
 62153 | Depths:5 | Entered Level 5 of the Depths
 62241 | Depths:5 | XOM: harmless Ice miscast
 62332 | Depths:5 | XOM: enchant monster (bad)
 62335 | Depths:5 | XOM: enchant monster (good)
 62344 | Depths:5 | XOM: cast spell 'Summon Small Mammal'
 62362 | Depths:5 | XOM: summons friendly ice devil
 62368 | Depths:5 | XOM: scenery: create altars
 62370 | Depths:5 | XOM: polymorph green draconian scorcher -> quicksilver dragon
 62379 | Depths:5 | Reached skill level 17 in Unarmed Combat
 62438 | Depths:5 | Found a gate to the Realm of Zot.
 62444 | Depths:5 | Paralysed by a vampire knight for 3 turns
 62539 | Depths:5 | XOM: polymorph fire dragon -> great orb of eyes
 62592 | Depths:5 | Found a gateway to a ziggurat.
 62715 | Depths:5 | XOM: divination: magic mapping
 62744 | Depths:5 | XOM: summons friendly ice devil
 62761 | Depths:5 | XOM: summons 3 friendly demons
 63480 | Vaults:5 | XOM: fog
 63646 | Vaults:5 | XOM: fog
 63675 | Vaults:5 | Reached XP level 25. HP: 159/178 MP: 38/42
 63676 | Vaults:5 | XOM: enchant monster (good)
 63691 | Vaults:5 | XOM: swap monsters
 63717 | Vaults:5 | Got a sparkling steel amulet
 63737 | Vaults:5 | Learned a level 3 spell: Regeneration
 63807 | Vaults:5 | Got a silver rune of Zot
 63830 | Vaults:5 | XOM: summons 3 friendly demons
 63831 | Vaults:5 | Reached skill level 1 in Charms
 63831 | Vaults:5 | Reached skill level 1 in Necromancy
 63843 | Vaults:5 | Noticed Mennas
 63847 | Vaults:5 | XOM: divination: magic mapping
 63852 | Vaults:5 | Killed Mennas
 63974 | Vaults:5 | XOM: cast spell 'Dispersal'
 63984 | Vaults:5 | XOM: potion effect (berserk rage)
 63986 | Vaults:5 | Reached skill level 15 in Dodging
 63986 | Vaults:5 | XOM: enchant monster (bad)
 64007 | Vaults:5 | XOM: confuse monster(s)
 64015 | Vaults:5 | XOM: divination: detect creatures
 64019 | Vaults:5 | XOM: blink monster(s)
 64084 | Vaults:4 | XOM: mild Pois miscast
 64150 | Vaults:5 | Reached skill level 5 in Necromancy
 64195 | Vaults:4 | XOM: cast spell 'Death Channel'
 64208 | Vaults:5 | Noticed Mara
 64211 | Vaults:5 | Noticed Liquid's illusion
 64256 | Vaults:4 | Identified the amulet of Tofoptuule {+Rage Int+2} (You took it off an orc sorcerer on level 5 of the Vaults)
 64328 | Vaults:5 | Noticed Liquid's illusion
 64339 | Vaults:5 | XOM: confuse monster(s)
 64347 | Vaults:5 | Killed Mara
 64439 | Vaults:5 | XOM: medium Erth miscast
 64514 | Vaults:5 | XOM: confusion (+ monsters)
 64522 | Vaults:5 | Reached skill level 5 in Charms
 64779 | Vaults:5 | XOM: blink monster(s)
 64813 | Vaults:5 | XOM: harmless Divn miscast
 64844 | Vaults:5 | Identified the Incunabulum of Good Luck and Transmutation
 64852 | Vaults:5 | Learned a level 6 spell: Deflect Missiles
 64894 | Vaults:5 | XOM: noise
 64899 | Vaults:5 | XOM: confusion (+ monsters)
 64900 | Vaults:5 | XOM: mild Conj miscast
 65286 | Vaults:5 | Hired Boic Qang the merfolk for 330 gold.
 65649 | Lair:2   | XOM: mild Necr miscast
 65715 | Slime:1  | Entered Level 1 of the Pits of Slime
 65729 | Slime:2  | Gained mutation: You regenerate slowly when monsters are visible. [a shining eye]
 65736 | Slime:2  | Your ally Boic Qang died
 65737 | Slime:2  | XOM: potion effect (curing)
 65856 | Slime:5  | Gained mutation: You have sharp toenails. [a shining eye]
 65870 | Slime:6  | Entered Level 6 of the Pits of Slime
 65884 | Slime:6  | Noticed the Royal Jelly
 65903 | Slime:5  | XOM: enchant monster (bad)
 65908 | Slime:5  | XOM: enchant monster (bad)
 66018 | Slime:5  | XOM: scenery: create altars
 66058 | Slime:4  | XOM: enchant monster (good)
 66120 | Slime:5  | Gained mutation: You are dopey. (Int -2) [a shining eye]
 66135 | Slime:5  | XOM: potion effect (invisibility)
 66329 | Slime:4  | XOM: potion effect (haste)
 66336 | Slime:4  | Gained mutation: You can hurl damnation. [demonic ancestry]
 66336 | Slime:4  | Reached XP level 26. HP: 136/187 MP: 40/42
 66347 | Slime:4  | Lost mutation: You are frail (-10% HP). [potion of cure mutation]
 66347 | Slime:4  | Lost mutation: You expend magic power (3 MP) to strengthen your wands. [potion of cure mutation]
 66347 | Slime:4  | Lost mutation: You are weak. (Str -2) [potion of cure mutation]
 66347 | Slime:4  | Lost mutation: You are dopey. (Int -2) [potion of cure mutation]
 66347 | Slime:4  | Lost mutation: You regenerate slowly when monsters are visible. [potion of cure mutation]
 66432 | Slime:5  | XOM: noise
 66436 | Slime:6  | XOM: confuse monster(s)
 66544 | Slime:6  | Found a viscous altar of Jiyva.
 66563 | Slime:6  | XOM: enchant monster (good)
 66578 | Slime:6  | XOM: polymorph acid blob -> golden dragon
 66592 | Slime:6  | XOM: scenery: create altars
 66635 | Slime:6  | Killed the Royal Jelly
 66636 | Slime:6  | XOM: smoke on damage
 66638 | Slime:6  | XOM: enchant monster (good)
 66649 | Slime:6  | XOM: divination: detect items
 66651 | Slime:6  | XOM: destruction
 66885 | Slime:6  | XOM: confusion (+ monsters)
 67085 | Slime:6  | Got a slimy rune of Zot
 67087 | Slime:6  | Got a translucent lead ring
 67198 | Slime:6  | Identified the ring "Nuiwed" {rPois rC+ MP+9 Slay+1} (You found it on level 6 of the Pits of Slime)
 67204 | Slime:6  | Gained mutation: You are resistant to electric shocks. [potion of beneficial mutation]
 67258 | Slime:1  | XOM: noise
 67685 | Zig:1    | Entered Level 1 of a ziggurat
 67699 | Zig:2    | Entered Level 2 of a ziggurat
 67727 | Zig:3    | Entered Level 3 of a ziggurat
 67733 | Zig:3    | Reached skill level 18 in Unarmed Combat
 67734 | Zig:3    | XOM: summons 3 friendly demons
 67754 | Zig:4    | Entered Level 4 of a ziggurat
 67760 | Zig:4    | XOM: destruction
 67787 | Zig:5    | Entered Level 5 of a ziggurat
 67822 | Zig:6    | Entered Level 6 of a ziggurat
 67828 | Zig:6    | XOM: summons 16 friendly demons
 67829 | Zig:6    | XOM: scenery: create altars
 67830 | Zig:6    | XOM: confuse monster(s)
 67879 | Zig:6    | Identified the Reference Book on the Floating Compass
 67890 | Zig:6    | Learned a level 4 spell: Passage of Golubria
 67893 | Zig:6    | Learned a level 2 spell: Blink
 67897 | Zig:7    | Entered Level 7 of a ziggurat
 67903 | Zig:7    | XOM: scenery: create altars
 67906 | Zig:7    | XOM: summons 2 friendly demons
 67913 | Zig:7    | Reached skill level 5 in Translocations
 67936 | Zig:7    | Reached XP level 27. HP: 163/215 MP: 42/42
 67944 | Zig:7    | Gained mutation: Your mind is acute. (Int +2) [potion of beneficial mutation]
 67957 | Zig:7    | Got a fabulously ornate robe
 67961 | Zig:8    | Entered Level 8 of a ziggurat
 67969 | Zig:8    | XOM: destruction
 67983 | Zig:8    | XOM: confuse monster(s)
 68006 | Zig:8    | Got a scintillating ivory ring
 68011 | Zig:8    | Got a crude spear
 68021 | Zig:8    | Identified the ring "Nuzu" {rElec rC- MR++ Int+4 Slay+2} (You found it on level 8 of a ziggurat)
 68034 | Zig:8    | Identified the +2 robe of Narcissism {rPois rF- Int+5} (You found it on level 7 of a ziggurat)
 68051 | Zig:9    | Entered Level 9 of a ziggurat
 68066 | Zig:9    | XOM: summons friendly iron imp
 68073 | Zig:9    | XOM: scenery: create altars
 68121 | Zig:9    | Identified the Grimoire of Transmigration and the Glacier (You found it on level 9 of a ziggurat)
 68124 | Zig:9    | Got a faintly glowing ivory amulet
 68124 | Zig:9    | XOM: vitrification
 68129 | Zig:9    | Identified the amulet of Yrixt {RegenMP Str+3} (You found it on level 9 of a ziggurat)
 68149 | Zig:10   | Entered Level 10 of a ziggurat
 68169 | Zig:10   | XOM: polymorph deep elf mage -> fire crab
 68185 | Zig:10   | Paralysed by a giant eyeball for 2 turns
 68190 | Zig:10   | XOM: summons 4 friendly demons
 68196 | Zig:10   | XOM: polymorph hornet -> harpy
 68198 | Zig:10   | XOM: summons friendly ufetubus
 68371 | Depths:3 | XOM: scenery: 3 doors close
 68566 | Crypt:1  | Entered Level 1 of the Crypt
 68575 | Crypt:1  | XOM: vitrification
 68577 | Crypt:1  | XOM: fake destruction
 68584 | Crypt:1  | XOM: confuse monster(s)
 68587 | Crypt:1  | XOM: god gift: bronze wand {god gift}
 68670 | Crypt:1  | XOM: potion effect (berserk rage)
 68769 | Crypt:1  | Noticed Saint Roka
 68781 | Crypt:1  | Killed Saint Roka
 69078 | Crypt:1  | XOM: divination: detect creatures
 69228 | Crypt:1  | XOM: silly message
 69230 | Crypt:1  | XOM: summons 2 friendly demons
 69277 | Crypt:1  | XOM: scenery: create altars
 69405 | Crypt:2  | XOM: confuse monster(s)
 69581 | Crypt:2  | XOM: vitrification
 69611 | Crypt:2  | XOM: fog
 69620 | Crypt:2  | XOM: summons friendly crimson imp
 69695 | Crypt:2  | XOM: destruction
 69717 | Crypt:2  | XOM: fog
 69726 | Crypt:2  | XOM: divine lightning (protected)
 69737 | Crypt:2  | XOM: summons friendly chaos spawn
 69761 | Crypt:2  | XOM: scenery: create altars
 69830 | Crypt:2  | Identified the Compendium of Unholy Arts
 69831 | Crypt:2  | XOM: god gift: jewelled chain mail {god gift}
 69834 | Crypt:2  | Got a jewelled chain mail {god gift}
 70152 | Crypt:2  | XOM: scenery: 1 doors close
 70292 | Crypt:3  | Entered Level 3 of the Crypt
 70292 | Crypt:3  | Noticed Donald
 70294 | Crypt:3  | XOM: fog
 70297 | Crypt:3  | Killed Donald
 70304 | Crypt:3  | XOM: swap monsters
 70482 | Crypt:3  | XOM: silly message
 70527 | Crypt:3  | Reached skill level 1 in Air Magic
 70548 | Crypt:3  | Got a bound bone amulet
 70789 | Crypt:3  | XOM: harmless Pois miscast
 70805 | Crypt:3  | XOM: divination: detect items
 70893 | Crypt:3  | Identified the +7 chain mail "Tiuren" {rC- Regen+ Slay+3} (Xom gifted it to you on level 2 of the Crypt)
 70898 | Crypt:3  | Identified the amulet of Siniyt {Dismiss rPois Str+4} (You found it on level 3 of the Crypt)
 70943 | Crypt:3  | XOM: mild Summ miscast
 71158 | Crypt:3  | XOM: harmless Erth miscast
 71214 | Crypt:3  | Found a staircase to the Tomb.
 71251 | Crypt:3  | Noticed an ancient lich
 71254 | Crypt:3  | XOM: harmless Fire miscast
 71256 | Crypt:3  | XOM: swap monsters
 71269 | Crypt:3  | Killed an ancient lich
 71312 | Crypt:3  | Got a crude chain mail
 71476 | Crypt:3  | XOM: potion effect (brilliance)
 71485 | Crypt:3  | XOM: cast spell 'Olgreb's Toxic Radiance'
 71502 | Crypt:3  | Identified the Incunabulum of Lethal Heat
 71730 | Crypt:3  | Identified the +1 chain mail of Negation {rElec rF+ rCorr Dex+3} (You found it on level 3 of the Crypt)
 72025 | Tomb:1   | Entered Level 1 of the Tomb of the Ancients
 72211 | Tomb:1   | Noticed a greater mummy
 72225 | Tomb:1   | Killed a greater mummy
 72458 | Tomb:1   | Noticed a greater mummy
 72467 | Tomb:1   | XOM: polymorph soul eater -> sun demon
 72475 | Tomb:1   | XOM: enchant monster (good)
 72477 | Tomb:1   | Killed a greater mummy
 72542 | Tomb:1   | XOM: fog
 72647 | Tomb:1   | Noticed a greater mummy
 72658 | Tomb:1   | Killed a greater mummy
 72678 | Tomb:1   | XOM: confuse monster(s)
 72697 | Tomb:1   | Reached skill level 15 in Transmutations
 73066 | Tomb:2   | Noticed a greater mummy
 73068 | Tomb:2   | Noticed a greater mummy
 73068 | Tomb:2   | Noticed a greater mummy
 73071 | Tomb:2   | Noticed a greater mummy
 73151 | Tomb:2   | Noticed PeterLawrence's ghost (legendary GrFi)
 73182 | Tomb:1   | Killed a greater mummy
 73182 | Tomb:1   | Reached skill level 15 in Earth Magic
 73182 | Tomb:1   | XOM: divination: magic mapping
 73270 | Tomb:2   | XOM: destruction
 73280 | Tomb:1   | Killed a greater mummy
 73385 | Tomb:1   | XOM: mild Divn miscast
 73390 | Tomb:1   | Killed a greater mummy
 73715 | Tomb:2   | Killed a greater mummy
 73730 | Tomb:2   | XOM: potion effect (heal wounds)
 73736 | Tomb:2   | XOM: fog
 73738 | Tomb:2   | XOM: enchant monster (good)
 73764 | Tomb:2   | XOM: give mutations
 73764 | Tomb:2   | Gained mutation: You are frail (-10% HP). [Xom's mischief]
 73764 | Tomb:2   | Gained mutation: You are very frail (-20% HP). [Xom's mischief]
 73895 | Tomb:2   | XOM: summons 9 friendly demons
 73925 | Tomb:2   | Killed PeterLawrence's ghost
 74063 | Tomb:2   | XOM: divination: detect items
 74162 | Tomb:2   | XOM: give mutation
 74162 | Tomb:2   | Lost mutation: You are very frail (-20% HP). [Xom's mischief]
 74304 | Tomb:1   | Noticed a greater mummy
 74306 | Tomb:1   | XOM: scenery: 1 doors close
 74307 | Tomb:1   | Noticed a greater mummy
 74310 | Tomb:1   | XOM: potion effect (berserk rage)
 74316 | Tomb:1   | Noticed a greater mummy
 74320 | Tomb:1   | Killed a greater mummy
 74320 | Tomb:1   | Reached skill level 19 in Unarmed Combat
 74447 | Tomb:1   | Killed a greater mummy
 74450 | Tomb:1   | Killed a greater mummy
 74493 | Tomb:1   | Noticed a greater mummy
 74502 | Tomb:1   | Killed a greater mummy
 74558 | Tomb:1   | Noticed a greater mummy
 74565 | Tomb:1   | Killed a greater mummy
 74571 | Tomb:1   | Noticed a greater mummy
 74582 | Tomb:1   | Killed a greater mummy
 74593 | Tomb:1   | Noticed a greater mummy
 74594 | Tomb:1   | Noticed a greater mummy
 74607 | Tomb:1   | Killed a greater mummy
 74631 | Tomb:1   | XOM: harmless Chrm miscast
 74657 | Tomb:1   | Killed a greater mummy
 74950 | Tomb:2   | Noticed a greater mummy
 74962 | Tomb:2   | Noticed Khufu
 74962 | Tomb:2   | Killed a greater mummy
 74969 | Tomb:2   | Killed Khufu
 74969 | Tomb:2   | XOM: summons friendly white imp
 75126 | Tomb:3   | Entered Level 3 of the Tomb of the Ancients
 75130 | Tomb:3   | XOM: fake destruction
 75136 | Tomb:3   | Noticed a greater mummy
 75143 | Tomb:3   | Noticed a greater mummy
 75143 | Tomb:3   | XOM: enchant monster (good)
 75151 | Tomb:2   | XOM: summons 7 friendly demons
 75203 | Tomb:3   | Noticed a greater mummy
 75211 | Tomb:2   | XOM: cast spell 'Hydra Form'
 75214 | Tomb:2   | Mangled by an anubis guard

Skill      XL: |  1  2  3  4  5  6  7  8  9 10 11 12 13 14 15 16 17 18 19 20 21 22 23 24 25 26 27 |
---------------+----------------------------------------------------------------------------------+-----
Dodging        | 1 2 3 4 5 7 8 10 11 12 13 14 15 16 | 16.8
Armour         | 2 3 4 5 6 7 8 9 10 | 10.0
Unarmed Combat | 3 4 5 7 9 10 11 12 13 14 15 16 17 18 19 | 19.1
Fighting       | 4 5 7 8 9 10 11 12 13 14 15 16 17 18 | 18.7
Shields        | 5 7 8 9 10 11 12 13 14 15 16 17 | 17.8
Spellcasting   | 4 7 9 10 11 12 13 14 15 16 | 16.5
Earth Magic    | 2 5 7 8 9 11 12 13 14 15 | 15.8
Transmutations | 2 4 6 9 11 12 13 14 15 | 15.8
Translocations | 4 6 7 |  7.2
Charms         | 7 8 |  8.3
Necromancy     | 7 |  7.0
Air Magic      | 4 |  4.4

Action                   |  1- 3 |  4- 6 |  7- 9 | 10-12 | 13-15 | 16-18 | 19-21 | 22-24 | 25-27 || total
-------------------------+-------+-------+-------+-------+-------+-------+-------+-------+-------++-------
Melee: Unarmed           |   190 |   271 |   400 |  1207 |  2529 |  2027 |  2075 |  1159 |  2153 || 12011
       Punch             |     2 |     1 |     8 |    22 |     1 |       |     1 |       |       ||    35
       Kick              |       |    32 |    57 |   192 |   525 |   455 |   787 |       |   354 ||  2402
       Tailslap          |       |       |       |       |     5 |       |     3 |       |       ||     8
       Bite              |       |       |       |       |     3 |       |     1 |       |       ||     4
       Scimitar          |       |       |       |       |    24 |    84 |    20 |       |       ||   128
Throw: Javelin           |       |       |     4 |     7 |       |    10 |       |       |       ||    21
       Throwing net      |       |       |       |       |     1 |       |       |       |       ||     1
 Cast: Lee's Rapid Decon |       |       |       |       |       |       |     1 |     1 |       ||     2
       Petrify           |       |       |       |       |       |       |     1 |       |       ||     1
       Statue Form       |       |       |       |       |       |       |    14 |    34 |    56 ||   104
       Regeneration      |       |       |       |       |       |       |       |       |    66 ||    66
       Summon Butterflie |       |       |       |       |       |       |       |       |     2 ||     2
 Abil: Breathe Fire      |       |       |       |       |     1 |       |       |       |       ||     1
       End Transformatio |       |       |       |       |       |       |       |     1 |     1 ||     2
       Damnation         |       |       |       |       |       |       |       |       |     1 ||     1
Evoke: Wand              |       |     1 |       |     5 |    21 |    19 |     1 |     7 |    10 ||    64
       Sack of spiders   |       |       |       |     2 |     1 |       |       |       |       ||     3
       Deck              |       |       |       |       |       |     6 |       |       |     6 ||    12
  Use: Scroll            |     2 |     9 |     5 |    12 |    20 |    22 |    16 |    10 |    25 ||   121
       Potion            |     1 |     3 |     4 |     7 |     8 |     8 |    15 |     6 |    18 ||    70
 Stab: Sleeping          |     1 |       |       |       |     1 |       |     2 |       |       ||     4
       Confused          |       |     3 |       |       |    20 |     8 |    14 |     1 |    13 ||    59
       Distracted        |       |     1 |     3 |     5 |    16 |    11 |    12 |     5 |     5 ||    58
       Invisible         |       |       |       |       |    13 |    17 |    10 |       |     6 ||    46
       Petrifying        |       |       |       |       |     1 |       |       |       |     1 ||     2
       Petrified         |       |       |       |       |     1 |       |       |       |       ||     1
       Paralysed         |       |       |       |       |       |       |     8 |     2 |       ||    10
  Eat: Fruit             |     3 |       |       |       |       |     2 |     1 |       |     3 ||     9
       Chunk             |     2 |     7 |     9 |    48 |    43 |    19 |    23 |    16 |     4 ||   171
       Beef jerky        |       |       |     1 |     6 |     1 |     4 |       |       |     2 ||    14
       Pizza             |       |       |     1 |     2 |     9 |     2 |       |       |     2 ||    16
       Royal jelly       |       |       |       |     1 |       |       |     2 |       |     4 ||     7
       Bread ration      |       |       |       |       |       |     4 |     3 |     5 |    11 ||    23
       Meat ration       |       |       |       |       |       |       |     1 |       |       ||     1
Armor: Leather armour    |    58 |     9 |       |       |       |       |       |       |       ||    67
       Chain mail        |       |   171 |   265 |    37 |       |       |       |       |       ||   473
       Skin              |       |       |     1 |       |    33 |     6 |   109 |   228 |   542 ||   919
       Plate armour      |       |       |       |   643 |   855 |   447 |    82 |       |       ||  2027
       Ring mail         |       |       |       |       |     4 |    98 |   156 |    45 |    58 ||   361
Dodge: Dodged            |   102 |    74 |   104 |   256 |   786 |  1159 |  1351 |  1098 |  2138 ||  7068
       Deflected         |       |       |       |       |     7 |    90 |    64 |    29 |    54 ||   244
Block: Shield            |       |       |       |   131 |  1213 |  1307 |  1446 |  1134 |  1254 ||  6485
       Large shield      |       |       |       |       |       |       |       |       |  1118 ||  1118
